Workbook
Name EBNUMBER: '[1]LDC Info'!$E$16
Name GSL_current: '[2]PS Bill Impacts'!$AD$60:$AJ$65
Name GSL_kW: '[2]PS Bill Impacts'!$AD$58:$AJ$58
Name GSL_kWh: '[2]PS Bill Impacts'!$AB$60:$AB$65
Name GSL_new: '[2]PS Bill Impacts'!$AD$71:$AJ$76
Name LU_Current: '[2]PS Bill Impacts'!$AQ$60:$AW$65
Name LU_kW: '[2]PS Bill Impacts'!$AQ$58:$AW$58
Name LU_kWh: '[2]PS Bill Impacts'!$AO$60:$AO$65
Name LU_New: '[2]PS Bill Impacts'!$AQ$71:$AW$76
Name SENT_Current: '[2]PS Bill Impacts'!$BQ$60:$BW$63
Name SENT_kW: '[2]PS Bill Impacts'!$BQ$58:$BU$58
Name SENT_kWh: '[2]PS Bill Impacts'!$BO$60:$BO$63
Name SENT_New: '[2]PS Bill Impacts'!$BQ$71:$BW$74
Name SL_Current: '[2]PS Bill Impacts'!$CD$60:$CJ$64
Name SL_kW: '[2]PS Bill Impacts'!$CD$58:$CI$58
Name SL_kWh: '[2]PS Bill Impacts'!$CB$60:$CB$64
Name SL_New: '[2]PS Bill Impacts'!$CC$71:$CJ$75
Name Utility: [2]Inputs!$C$5

Sheet Summary Tables
B1: DECISION Model
A2: A | B2: Distribution Charge
G3: TEST YEAR 1 - 2016
B4: Customer Class | C4: Billing Determinant | D4: Consumption per customer | E4: Load per customer | G4: Monthly Distribution Charge Impact
D5: kwh | E5: kW | G5: $ | I5: %
B6: Residential | C6: kWh | D6: 750 | G6: =Residential!L47 -> 1.8200408 | I6: =Residential!M47 -> 0.066367054
B7: GS<50 kW | C7: kWh | D7: 2000 | G7: ='GS<50'!L47 -> 4.91 | I7: ='GS<50'!M47 -> 0.076866526
B8: GS>50 kW | C8: kW | D8: 80000 | E8: 250 | G8: ='GS>50'!L50 -> 201.66 | I8: ='GS>50'!M50 -> 0.20283849
B9: Large Use | C9: kW | D9: 2800000 | E9: 7350 | G9: =LU!L50 -> 1275.855 | I9: =LU!M50 -> 0.07241554
B10: Unmetered Scattered Load | C10: kWh | D10: 150 | G10: =USL!L49 -> 0.68 | I10: =USL!M49 -> 0.07079646
B11: Sentinel Lights | C11: kW | D11: 180 | E11: 1 | G11: =Sentinel!L50 -> 0.6881 | I11: =Sentinel!M50 -> 0.058903089
B12: Street Lighting | C12: kW | D12: 280 | E12: 1 | G12: =SL!L50 -> 0.858 | I12: =SL!M50 -> 0.10717632
A14: B | B14: Delivery Charge
B16: Customer Class | C16: Billing Determinant | D16: Consumption per customer | E16: Load per customer | G16: Monthly Delivery Charge Impact
D17: kwh | E17: kW | G17: $ | I17: %
B18: =B6 -> Residential | C18: =C6 -> kWh | D18: =D6 -> 750 | E18: =E6 -> 0 | G18: =Residential!L50 -> 1.8200408 | I18: =Residential!M50 -> 0.050074826
B19: =B7 -> GS<50 kW | C19: =C7 -> kWh | D19: =D7 -> 2000 | E19: =E7 -> 0 | G19: ='GS<50'!L50 -> 4.91 | I19: ='GS<50'!M50 -> 0.057777784
B20: =B8 -> GS>50 kW | C20: =C8 -> kW | D20: =D8 -> 80000 | E20: =E8 -> 250 | G20: ='GS>50'!L53 -> 201.66 | I20: ='GS>50'!M53 -> 0.099973229
B21: =B9 -> Large Use | C21: =C9 -> kW | D21: =D9 -> 2800000 | E21: =E9 -> 7350 | G21: =LU!L53 -> 1275.855 | I21: =LU!M53 -> 0.024574756
B22: =B10 -> Unmetered Scattered Load | C22: =C10 -> kWh | D22: =D10 -> 150 | E22: =E10 -> 0 | G22: =USL!L52 -> 0.68 | I22: =USL!M52 -> 0.060445224
B23: =B11 -> Sentinel Lights | C23: =C11 -> kW | D23: =D11 -> 180 | E23: =E11 -> 1 | G23: =Sentinel!L53 -> 0.6881 | I23: =Sentinel!M53 -> 0.046490416
B24: =B12 -> Street Lighting | C24: =C12 -> kW | D24: =D12 -> 280 | E24: =E12 -> 1 | G24: =SL!L53 -> 0.858 | I24: =Sentinel!M53 -> 0.046490416
A27: C | B27: Total Bill
B29: Customer Class | C29: Billing Determinant | D29: Consumption per customer | E29: Load per customer | G29: Total Monthly Bill Impact
D30: kwh | E30: kW | G30: $ | I30: %
B31: =B18 -> Residential | C31: =C18 -> kWh | D31: =D18 -> 750 | E31: =E18 -> 0 | G31: =Residential!L65 -> 2.0566461 | I31: =Residential!M65 -> 0.014548314
B32: =B19 -> GS<50 kW | C32: =C19 -> kWh | D32: =D19 -> 2000 | E32: =E19 -> 0 | G32: ='GS<50'!L65 -> 5.5483 | I32: ='GS<50'!M65 -> 0.014645837
B33: =B20 -> GS>50 kW | C33: =C20 -> kW | D33: =D20 -> 80000 | E33: =E20 -> 250 | G33: ='GS>50'!L68 -> 227.8758 | I33: ='GS>50'!M68 -> 0.016359487
B34: =B21 -> Large Use | C34: =C21 -> kW | D34: =D21 -> 2800000 | E34: =E21 -> 7350 | G34: =LU!L68 -> 1441.7161 | I34: =LU!M68 -> 0.0030911336
B35: =B22 -> Unmetered Scattered Load | C35: =C22 -> kWh | D35: =D22 -> 150 | E35: =E22 -> 0 | G35: =USL!L67 -> 0.7684 | I35: =USL!M67 -> 0.02205645
B36: =B23 -> Sentinel Lights | C36: =C23 -> kW | D36: =D23 -> 180 | E36: =E23 -> 1 | G36: =Sentinel!L68 -> 0.777553 | I36: =Sentinel!M68 -> 0.017990927
B37: =B24 -> Street Lighting | C37: =C24 -> kW | D37: =D24 -> 280 | E37: =E24 -> 1 | G37: =SL!L68 -> 0.96954 | I37: =SL!M68 -> 0.018059733
B40: Summary of Bill Impacts
B41: Customer Class | C41: Billing | D41: Consumption per Customer | E41: Load per Customer | G41: Distribution Component
C42: Determinant | D42: (kWh) | E42: (kW) | G42: 2016
B43: Residential | C43: kWh | D43: 750 | G43: =I6 -> 0.066367054
B44: GS<50 kW | C44: kWh | D44: 2000 | G44: =I7 -> 0.076866526
B45: GS>50 kW | C45: kW | D45: 80000 | E45: 250 | G45: =I8 -> 0.20283849
B46: Large Use | C46: kW | D46: 2800000 | E46: 7350 | G46: =I9 -> 0.07241554
B47: Unmetered Scattered Load | C47: kWh | D47: 150 | G47: =I10 -> 0.07079646
B48: Sentinel Lights | C48: kW | D48: 180 | G48: =I11 -> 0.058903089
B49: Street Lighting | C49: kW | D49: 280 | G49: =I12 -> 0.10717632
B50: Average | G50: =AVERAGE(G43:G49) -> 0.093623354
B53: Customer Class | C53: Billing | D53: Consumption per Customer | E53: Load per Customer | G53: Total Bill
C54: Determinant | D54: (kWh) | E54: (kW) | G54: 2016
B55: Residential | C55: kWh | D55: 750 | G55: =I31 -> 0.014548314
B56: GS<50 kW | C56: kWh | D56: 2000 | G56: =I32 -> 0.014645837
B57: GS>50 kW | C57: kW | D57: 80000 | E57: 250 | G57: =I33 -> 0.016359487
B58: Large Use | C58: kW | D58: 2800000 | E58: 7350 | G58: =I34 -> 0.0030911336
B59: Unmetered Scattered Load | C59: kWh | D59: 150 | G59: =I35 -> 0.02205645
B60: Sentinel Lights | C60: kW | D60: 180 | G60: =I36 -> 0.017990927
B61: Street Lighting | C61: kW | D61: 280 | G61: =I37 -> 0.018059733
B62: Average | G62: =AVERAGE(G55:G61) -> 0.015250269

Sheet Residential
O1: May 1 - Oct 31 | P1: 1 | R1: 2
O2: Nov 1 - Apr 30 | P2: 2
P8: 1380
P9: =P8*4 -> 5520
B10: Appendix 2-W
B11: Bill Impacts - Residential
B14: Customer Class: | D14: RESIDENTIAL
B16: TOU / non-TOU: | D16: TOU
D18: Consumption | F18: 750
F20: 2015 Current Board-Approved | I20: 2016 | L20: Impact 2016 vs. 2015
D21: Charge Unit | E21: Volume | F21: Rate | G21: Charge | I21: Rate | J21: Charge | L21: $ Change | M21: % Change
A22: ID | F22: ($) | G22: ($) | I22: ($) | J22: ($)
A23: Fix_R | B23: Monthly Service Charge | D23: Monthly | E23: 1 | F23: =IF($A23<>"",VLOOKUP($A23,[3]Rates!$A$1:$R$65536,12,FALSE),0) -> 12.67 | G23: =E23*F23 -> 12.67 | I23: =IF($A23<>"",VLOOKUP($A23,[3]Rates!$A$1:$R$65536,14,FALSE),0) -> 12.9 | J23: =$E23*I23 -> 12.9 | L23: =J23-G23 -> 0.23 | M23: =IF((G23)=0,"",(L23/G23)) -> 0.018153118
B24: Smart Meter Rate Adder | D24: Monthly | E24: 1 | F24: =IF(A24<>"",VLOOKUP(A24,[3]Rates!$A$1:$R$65536,12,FALSE),0) -> 0 | G24: =E24*F24 -> 0 | I24: =IF($A24<>"",VLOOKUP($A24,[3]Rates!$A$1:$R$65536,14,FALSE),0) -> 0 | J24: =$E24*I24 -> 0 | L24: =J24-G24 -> 0 | M24: =IF((G24)=0,"",(L24/G24))
A25: PPE_R | B25: Recovery of CGAAP/CWIP Differential | D25: Monthly | E25: 1 | F25: =IF(A25<>"",VLOOKUP(A25,[3]Rates!$A$1:$R$65536,12,FALSE),0) -> 0.2 | G25: =E25*F25 -> 0.2 | I25: =IF($A25<>"",VLOOKUP($A25,[3]Rates!$A$1:$R$65536,14,FALSE),0) -> 0.2 | J25: =$E25*I25 -> 0.2 | L25: =J25-G25 -> 0 | M25: =IF((G25)=0,"",(L25/G25)) -> 0
A26: ICMF_R | B26: ICM Rate Rider (2014) | D26: Monthly | E26: 1 | F26: =IF(A26<>"",VLOOKUP(A26,[3]Rates!$A$1:$R$65536,12,FALSE),0) -> 0.07 | G26: =E26*F26 -> 0.07 | I26: =IF($A26<>"",VLOOKUP($A26,[3]Rates!$A$1:$R$65536,14,FALSE),0) -> 0.07 | J26: =$E26*I26 -> 0.07 | L26: =J26-G26 -> 0 | M26: =IF((G26)=0,"",(L26/G26)) -> 0
A27: FR_R | B27: Forgone Revenue Rate Rider (2016) | D27: Monthly | E27: 1 | F27: =IF(A27<>"",VLOOKUP(A27,[3]Rates!$A$1:$R$65536,12,FALSE),0) -> 0 | G27: =E27*F27 -> 0 | I27: =IF($A27<>"",VLOOKUP($A27,[3]Rates!$A$1:$R$65536,14,FALSE),0) -> 1.33 | J27: =$E27*I27 -> 1.33 | L27: =J27-G27 -> 1.33 | M27: =IF((G27)=0,"",(L27/G27))
E28: 1 | F28: =IF(A28<>"",VLOOKUP(A28,[3]Rates!$A$1:$R$65536,12,FALSE),0) -> 0 | G28: =E28*F28 -> 0 | I28: =IF($A28<>"",VLOOKUP($A28,[3]Rates!$A$1:$R$65536,14,FALSE),0) -> 0 | J28: =$E28*I28 -> 0 | L28: =J28-G28 -> 0 | M28: =IF((G28)=0,"",(L28/G28))
A29: Var_R | B29: Distribution Volumetric Rate | D29: per kWh | E29: =$F$18 -> 750 | F29: =IF(A29<>"",VLOOKUP(A29,[3]Rates!$A$1:$R$65536,12,FALSE),0) -> 0.014 | G29: =E29*F29 -> 10.5 | I29: =IF($A29<>"",VLOOKUP($A29,[3]Rates!$A$1:$R$65536,14,FALSE),0) -> 0.0143 | J29: =$E29*I29 -> 10.725 | L29: =J29-G29 -> 0.225 | M29: =IF((G29)=0,"",(L29/G29)) -> 0.021428571
B30: Smart Meter Disposition Rider | D30: per kWh | E30: =$F$18 -> 750 | F30: =IF(A30<>"",VLOOKUP(A30,[3]Rates!$A$1:$R$65536,12,FALSE),0) -> 0 | G30: =E30*F30 -> 0 | I30: =IF($A30<>"",VLOOKUP($A30,[3]Rates!$A$1:$R$65536,14,FALSE),0) -> 0 | J30: =$E30*I30 -> 0 | L30: =J30-G30 -> 0 | M30: =IF((G30)=0,"",(L30/G30))
B31: LRAM & SSM Rate Rider | D31: per kWh | E31: =$F$18 -> 750 | F31: =IF(A31<>"",VLOOKUP(A31,[3]Rates!$A$1:$R$65536,12,FALSE),0) -> 0 | G31: =E31*F31 -> 0 | I31: =IF($A31<>"",VLOOKUP($A31,[3]Rates!$A$1:$R$65536,14,FALSE),0) -> 0 | J31: =$E31*I31 -> 0 | L31: =J31-G31 -> 0 | M31: =IF((G31)=0,"",(L31/G31))
A32: ICMV_R | B32: ICM Rate Rider (2014) | D32: per kWh | E32: =$F$18 -> 750 | F32: =IF(A32<>"",VLOOKUP(A32,[3]Rates!$A$1:$R$65536,12,FALSE),0) -> 0.0001 | G32: =E32*F32 -> 0.075 | I32: =IF($A32<>"",VLOOKUP($A32,[3]Rates!$A$1:$R$65536,14,FALSE),0) -> 0.0001 | J32: =$E32*I32 -> 0.075 | L32: =J32-G32 -> 0 | M32: =IF((G32)=0,"",(L32/G32)) -> 0
A33: =[3]Rates!$A36 -> 2RAL16_R | B33: =[3]Rates!$B$36 -> Disposition of Deferral/Variance Accounts - Group 2 Accounts (2016) | D33: Monthly | E33: 1 | F33: =IF(A33<>"",VLOOKUP(A33,[3]Rates!$A$1:$R$65536,12,FALSE),0) -> 0 | G33: =E33*F33 -> 0 | I33: =IF($A33<>"",VLOOKUP($A33,[3]Rates!$A$1:$R$65536,14,FALSE),0) -> 0.11504079 | J33: =$E33*I33 -> 0.11504079 | L33: =J33-G33 -> 0.11504079 | M33: =IF((G33)=0,"",(L33/G33))
A34: =[3]Rates!$A37 -> LRVA16_R | B34: =[3]Rates!$B$37 -> Lost Revenue Adjustment Mechanism Variance Account (LRAMVA) (2016) | D34: Monthly | E34: 1 | F34: =IF(A34<>"",VLOOKUP(A34,[3]Rates!$A$1:$R$65536,12,FALSE),0) -> 0 | G34: =E34*F34 -> 0 | I34: =IF($A34<>"",VLOOKUP($A34,[3]Rates!$A$1:$R$65536,14,FALSE),0) -> -0.1 | J34: =$E34*I34 -> -0.1 | L34: =J34-G34 -> -0.1 | M34: =IF((G34)=0,"",(L34/G34))
A35: =[3]Rates!$A38 -> PPE16_R | B35: =[3]Rates!$B$38 -> Account 1575 (2016) | D35: Monthly | E35: 1 | F35: =IF(A35<>"",VLOOKUP(A35,[3]Rates!$A$1:$R$65536,12,FALSE),0) -> 0 | G35: =E35*F35 -> 0 | I35: =IF($A35<>"",VLOOKUP($A35,[3]Rates!$A$1:$R$65536,14,FALSE),0) -> 0 | J35: =$E35*I35 -> 0 | L35: =J35-G35 -> 0 | M35: =IF((G35)=0,"",(L35/G35))
A36: =[3]Rates!$A39 -> SG16_R | B36: =[3]Rates!$B$39 -> Smart Grid True-up (2016) | D36: Monthly | E36: 1 | F36: =IF(A36<>"",VLOOKUP(A36,[3]Rates!$A$1:$R$65536,12,FALSE),0) -> 0 | G36: =E36*F36 -> 0 | I36: =IF($A36<>"",VLOOKUP($A36,[3]Rates!$A$1:$R$65536,14,FALSE),0) -> -0.04 | J36: =$E36*I36 -> -0.04 | L36: =J36-G36 -> -0.04 | M36: =IF((G36)=0,"",(L36/G36))
A37: =[3]Rates!$A40 -> SMA16_R | B37: =[3]Rates!$B$40 -> Recovery of Stranded Meter Assets (2016) | D37: Monthly | E37: 1 | F37: =IF(A37<>"",VLOOKUP(A37,[3]Rates!$A$1:$R$65536,12,FALSE),0) -> 0 | G37: =E37*F37 -> 0 | I37: =IF($A37<>"",VLOOKUP($A37,[3]Rates!$A$1:$R$65536,14,FALSE),0) -> 0.06 | J37: =$E37*I37 -> 0.06 | L37: =J37-G37 -> 0.06 | M37: =IF((G37)=0,"",(L37/G37))
A38: LRVA_R | D38: per kWh | E38: =F18 -> 750 | G38: =E38*F38 -> 0 | I38: =IF($A38<>"",VLOOKUP($A38,[3]Rates!$A$1:$R$65536,14,FALSE),0) -> 0 | J38: =$E38*I38 -> 0 | L38: =J38-G38 -> 0 | M38: =IF((G38)=0,"",(L38/G38))
B39: Sub-Total A (excluding pass through) | G39: =SUM(G23:G38) -> 23.515 | J39: =SUM(J23:J38) -> 25.335041 | L39: =J39-G39 -> 1.8200408 | M39: =IF((G39)=0,"",(L39/G39)) -> 0.07739914
A40: RAL14_R | D40: per kWh | E40: =$F$18 -> 750 | G40: =E40*F40 -> 0 | I40: =IF($A40<>"",VLOOKUP($A40,[3]Rates!$A$1:$R$65536,14,FALSE),0) -> 0 | J40: =$E40*I40 -> 0 | L40: =J40-G40 -> 0 | M40: =IF((G40)=0,"",(L40/G40))
A41: =[3]Rates!$A$33 -> RAL16_R | B41: =[3]Rates!$B$33 -> Disposition of Deferral/Variance Accounts (2016) | D41: per kWh | E41: =$F$18 -> 750 | F41: =IF(A41<>"",VLOOKUP(A41,[3]Rates!$A$1:$R$65536,12,FALSE),0) -> 0 | G41: =E41*F41 -> 0 | I41: =IF($A41<>"",VLOOKUP($A41,[3]Rates!$A$1:$R$65536,14,FALSE),0) -> 0.0003 | J41: =$E41*I41 -> 0.225 | L41: =J41-G41 -> 0.225 | M41: =IF((G41)=0,"",(L41/G41))
A42: =[3]Rates!$A$34 -> RALP16_R | B42: =[3]Rates!$B$34 -> Disposition of Deferral/Variance Accounts - Power (2016) | D42: per kWh | E42: =$F$18 -> 750 | F42: =IF(A42<>"",VLOOKUP(A42,[3]Rates!$A$1:$R$65536,12,FALSE),0) -> 0 | G42: =E42*F42 -> 0 | I42: =IF($A42<>"",VLOOKUP($A42,[3]Rates!$A$1:$R$65536,14,FALSE),0) -> -0.0003 | J42: =$E42*I42 -> -0.225 | L42: =J42-G42 -> -0.225 | M42: =IF((G42)=0,"",(L42/G42))
E43: =$F$18 -> 750 | F43: =IF(A43<>"",VLOOKUP(A43,[3]Rates!$A$1:$R$65536,12,FALSE),0) -> 0 | G43: =E43*F43 -> 0 | I43: =IF($A43<>"",VLOOKUP($A43,[3]Rates!$A$1:$R$65536,14,FALSE),0) -> 0 | J43: =$E43*I43 -> 0 | L43: =J43-G43 -> 0 | M43: =IF((G43)=0,"",(L43/G43))
A44: LV_R | B44: Low Voltage Service Charge | D44: per kWh | E44: =$F$18 -> 750 | F44: =IF(A44<>"",VLOOKUP(A44,[3]Rates!$A$1:$R$65536,12,FALSE),0) -> 0.0003 | G44: =E44*F44 -> 0.225 | I44: =IF($A44<>"",VLOOKUP($A44,[3]Rates!$A$1:$R$65536,14,FALSE),0) -> 0.0003 | J44: =$E44*I44 -> 0.225 | L44: =J44-G44 -> 0 | M44: =IF((G44)=0,"",(L44/G44)) -> 0
B45: Line Losses on Cost of Power | E45: =$F$18*(1+$F$74)-$F$18 -> 25.875 | F45: =IF(ISBLANK(D16)=TRUE, 0, IF(D16="TOU", 0.64*$F$55+0.18*$F$56+0.18*$F$57, IF(AND(D16="non-TOU", E59>0), F59,F58))) -> 0.11184 | G45: =E45*F45 -> 2.89386 | H45: =$F$18*(1+$O$74)-$F$18 -> 0 | I45: =0.64*$F$55+0.18*$F$56+0.18*$F$57 -> 0.11184 | J45: =$E45*I45 -> 2.89386 | L45: =J45-G45 -> 0 | M45: =IF((G45)=0,"",(L45/G45)) -> 0
B46: Smart Meter Entity Charge | D46: Monthly | E46: 1 | F46: 0.79 | G46: =E46*F46 -> 0.79 | I46: 0.79 | J46: =$E46*I46 -> 0.79 | L46: =J46-G46 -> 0
B47: Sub-Total B - Distribution (includes Sub-Total A) | G47: =SUM(G40:G46)+G39 -> 27.42386 | J47: =SUM(J40:J46)+J39 -> 29.243901 | L47: =J47-G47 -> 1.8200408 | M47: =IF((G47)=0,"",(L47/G47)) -> 0.066367054
A48: TN_R | B48: RTSR - Network | D48: per kWh | E48: =F18*(1+F74) -> 775.875 | F48: =IF(A48<>"",VLOOKUP(A48,[3]Rates!$A$1:$R$65536,12,FALSE),0) -> 0.008 | G48: =E48*F48 -> 6.207 | H48: =F18*(1+O74) -> 750 | I48: =IF($A48<>"",VLOOKUP($A48,[3]Rates!$A$1:$R$65536,14,FALSE),0) -> 0.008 | J48: =$E48*I48 -> 6.207 | L48: =J48-G48 -> 0 | M48: =IF((G48)=0,"",(L48/G48)) -> 0
A49: TC_R | B49: RTSR - Line and Transformation Connection | D49: per kWh | E49: =E48 -> 775.875 | F49: =IF(A49<>"",VLOOKUP(A49,[3]Rates!$A$1:$R$65536,12,FALSE),0) -> 0.0035 | G49: =E49*F49 -> 2.7155625 | H49: =H48 -> 750 | I49: =IF($A49<>"",VLOOKUP($A49,[3]Rates!$A$1:$R$65536,14,FALSE),0) -> 0.0035 | J49: =$E49*I49 -> 2.7155625 | L49: =J49-G49 -> 0 | M49: =IF((G49)=0,"",(L49/G49)) -> 0
B50: Sub-Total C - Delivery (including Sub-Total B) | G50: =SUM(G47:G49) -> 36.346422 | J50: =SUM(J47:J49) -> 38.166463 | L50: =J50-G50 -> 1.8200408 | M50: =IF((G50)=0,"",(L50/G50)) -> 0.050074826
B51: Wholesale Market Service Charge (WMSC) | D51: per kWh | E51: =E49 -> 775.875 | F51: 0.0036 | G51: =E51*F51 -> 2.79315 | H51: =H49 -> 750 | I51: 0.0036 | J51: =$E51*I51 -> 2.79315 | L51: =J51-G51 -> 0 | M51: =IF((G51)=0,"",(L51/G51)) -> 0
B52: Rural and Remote Rate Protection (RRRP) | D52: per kWh | E52: =E49 -> 775.875 | F52: 0.0013 | G52: =E52*F52 -> 1.0086375 | H52: =H49 -> 750 | I52: 0.0013 | J52: =$E52*I52 -> 1.0086375 | L52: =J52-G52 -> 0 | M52: =IF((G52)=0,"",(L52/G52)) -> 0
B53: Standard Supply Service Charge | D53: Monthly | E53: 1 | F53: 0.25 | G53: =E53*F53 -> 0.25 | I53: 0.25 | J53: =$E53*I53 -> 0.25 | L53: =J53-G53 -> 0 | M53: =IF((G53)=0,"",(L53/G53)) -> 0
B54: Debt Retirement Charge (DRC) | D54: per kWh | E54: =F18 -> 750 | F54: 0 | G54: =E54*F54 -> 0 | J54: =$E54*I54 -> 0 | L54: =J54-G54 -> 0 | M54: =IF((G54)=0,"",(L54/G54))
B55: TOU - Off Peak | D55: per kWh | E55: =0.64*$F$18 -> 480 | F55: 0.087 | G55: =E55*F55 -> 41.76 | I55: =F55 -> 0.087 | J55: =$E55*I55 -> 41.76 | L55: =J55-G55 -> 0 | M55: =IF((G55)=0,"",(L55/G55)) -> 0
B56: TOU - Mid Peak | D56: per kWh | E56: =0.18*$F$18 -> 135 | F56: 0.132 | G56: =E56*F56 -> 17.82 | I56: =F56 -> 0.132 | J56: =$E56*I56 -> 17.82 | L56: =J56-G56 -> 0 | M56: =IF((G56)=0,"",(L56/G56)) -> 0
B57: TOU - On Peak | D57: per kWh | E57: =0.18*$F$18 -> 135 | F57: 0.18 | G57: =E57*F57 -> 24.3 | I57: =F57 -> 0.18 | J57: =$E57*I57 -> 24.3 | L57: =J57-G57 -> 0 | M57: =IF((G57)=0,"",(L57/G57)) -> 0
B58: OESP Charge | D58: per kWh | E58: =IF(AND($R$1=1, F18>=600), 600, IF(AND($R$1=1, AND(F18<600, F18>=2)), F18, IF(AND($R$1=2, F18>=1000), 1000, IF(AND($R$1=2, AND(F18<1000, F18>=0)), F18)))) -> 750 | F58: 0.0011 | G58: =E58*F58 -> 0.825 | I58: 0.0011 | J58: =$E58*I58 -> 0.825 | L58: =J58-G58 -> 0 | M58: =IF((G58)=0,"",(L58/G58)) -> 0
G59: =E59*F59 -> 0 | I59: =F59 -> 0 | J59: =$E59*I59 -> 0 | L59: =J59-G59 -> 0 | M59: =IF((G59)=0,"",(L59/G59))
B61: Total Bill on TOU (before Taxes) | G61: =SUM(G51:G58,G50) -> 125.10321 | J61: =SUM(J51:J58,J50) -> 126.92325 | L61: =J61-G61 -> 1.8200408 | M61: =IF((G61)=0,"",(L61/G61)) -> 0.014548314
B62: HST | F62: 0.13 | G62: =G61*F62 -> 16.263417 | I62: 0.13 | J62: =J61*I62 -> 16.500023 | L62: =J62-G62 -> 0.2366053 | M62: =IF((G62)=0,"",(L62/G62)) -> 0.014548314
B63: Total Bill (including HST) | G63: =G61+G62 -> 141.36663 | J63: =J61+J62 -> 143.42327 | L63: =J63-G63 -> 2.0566461 | M63: =IF((G63)=0,"",(L63/G63)) -> 0.014548314
B64: Ontario Clean Energy Benefit 1 | F64: 0 | G64: =-G63*F64 -> 0 | L64: =J64-G64 -> 0 | M64: =IF((G64)=0,"",(L64/G64))
B65: Total Bill on TOU (including OCEB) | G65: =G63+G64 -> 141.36663 | J65: =J63+J64 -> 143.42327 | L65: =J65-G65 -> 2.0566461 | M65: =IF((G65)=0,"",(L65/G65)) -> 0.014548314
B67: Total Bill on RPP (before Taxes) | G67: =SUM(G58:G59,G50,G51:G54) -> 41.22321 | J67: =SUM(J58:J59,J50,J51:J54) -> 43.043251 | L67: =J67-G67 -> 1.8200408 | M67: =IF((G67)=0,"",(L67/G67)) -> 0.044150875
B68: HST | F68: 0.13 | G68: =G67*F68 -> 5.3590173 | I68: 0.13 | J68: =J67*I68 -> 5.5956226 | L68: =J68-G68 -> 0.2366053 | M68: =IF((G68)=0,"",(L68/G68)) -> 0.044150875
B69: Total Bill (including HST) | G69: =G67+G68 -> 46.582227 | J69: =J67+J68 -> 48.638873 | L69: =J69-G69 -> 2.0566461 | M69: =IF((G69)=0,"",(L69/G69)) -> 0.044150875
B70: Ontario Clean Energy Benefit 1 | F70: 0.1 | G70: =-G69*F70 -> -4.6582227 | L70: =J70-G70 -> 4.6582227 | M70: =IF((G70)=0,"",(L70/G70)) -> -1
B71: Total Bill on RPP (including OCEB) | G71: =SUM(G69:G70) -> 41.924005 | J71: =SUM(J69:J70) -> 48.638873 | L71: =J71-G71 -> 6.7148688 | M71: =IF((G71)=0,"",(L71/G71)) -> 0.16016764
B74: Loss Factor (%) | F74: 0.0345 | I74: 0.0345
A76: 1 Applicable to eligible customers only. Refer to the Ontario Clean Energy Benefit Act, 2010.
B77: NOTES:
A78: Note that the "Charge $" columns provide breakdowns of the amounts that each bill component contributes to the total monthly bill at the referenced | B78: TOU & RPP price effective May 1, 2015
A79: consumption level at existing and proposed rates. | B79: OCEB included for 2015, but not for 2016
B80: DRC included for 2015, but removed for 2016 for Residental
A81: Applicants must provide bill impacts for residential at 800 kWh and GS<50kW at 2000 kWh. In addition, their filing must cover the range that is relevant
A82: to their service territory, class by class. A general guideline of consumption levels follows:
A84: Residential (kWh) - 100, 250, 500, 800, 1000, 1500, 2000
A85: GS<50kW (kWh) - 1000, 2000, 5000, 10000, 15000
A86: GS>50kW (kW) - 60, 100, 500, 1000
A87: Large User - range appropriate for utility
A88: Lighting Classes and USL - 150 kWh and 1 kW, range appropriate for utility.
B90: Note that cells with the highlighted color shown to the left indicate quantities that are loss adjusted.

Sheet GS<50
O1: May 1 - Oct 31 | P1: 1 | R1: 2
O2: Nov 1 - Apr 30 | P2: 2
B10: Appendix 2-W
B11: Bill Impacts - GS<50
B14: Customer Class: | D14: GS<50
B16: TOU / non-TOU: | D16: TOU
D18: Consumption | F18: 2000
F20: 2015 Current Board-Approved | I20: =Residential!I20 -> 2016 | L20: =Residential!L20 -> Impact 2016 vs. 2015
D21: Charge Unit | E21: Volume | F21: Rate | G21: Charge | I21: Rate | J21: Charge | L21: $ Change | M21: % Change
F22: ($) | G22: ($) | I22: ($) | J22: ($)
A23: =[3]Rates!$A$48 -> Fix_GS | B23: Monthly Service Charge | D23: Monthly | E23: 1 | F23: =IF($A23<>"",VLOOKUP($A23,[3]Rates!$A$1:$R$65536,12,FALSE),0) -> 26.08 | G23: =E23*F23 -> 26.08 | I23: =IF($A23<>"",VLOOKUP($A23,[3]Rates!$A$1:$R$65536,14,FALSE),0) -> 26.55 | J23: =$E23*I23 -> 26.55 | L23: =J23-G23 -> 0.47 | M23: =IF((G23)=0,"",(L23/G23)) -> 0.018021472
B24: Smart Meter Rate Adder | D24: Monthly | E24: 1 | F24: =IF($A24<>"",VLOOKUP($A24,[3]Rates!$A$1:$R$65536,12,FALSE),0) -> 0 | G24: =E24*F24 -> 0 | I24: =IF($A24<>"",VLOOKUP($A24,[3]Rates!$A$1:$R$65536,14,FALSE),0) -> 0 | J24: =$E24*I24 -> 0 | L24: =J24-G24 -> 0 | M24: =IF((G24)=0,"",(L24/G24))
A25: =[3]Rates!$A$50 -> PPE_GS | B25: Recovery of CGAAP/CWIP Differential | D25: Monthly | E25: 1 | F25: =IF($A25<>"",VLOOKUP($A25,[3]Rates!$A$1:$R$65536,12,FALSE),0) -> 0.55 | G25: =E25*F25 -> 0.55 | I25: =IF($A25<>"",VLOOKUP($A25,[3]Rates!$A$1:$R$65536,14,FALSE),0) -> 0.55 | J25: =$E25*I25 -> 0.55 | L25: =J25-G25 -> 0 | M25: =IF((G25)=0,"",(L25/G25)) -> 0
A26: =[3]Rates!$A$51 -> ICMF_GS | B26: ICM Rate Rider (2014) | D26: Monthly | E26: 1 | F26: =IF($A26<>"",VLOOKUP($A26,[3]Rates!$A$1:$R$65536,12,FALSE),0) -> 0.14 | G26: =E26*F26 -> 0.14 | I26: =IF($A26<>"",VLOOKUP($A26,[3]Rates!$A$1:$R$65536,14,FALSE),0) -> 0.14 | J26: =$E26*I26 -> 0.14 | L26: =J26-G26 -> 0 | M26: =IF((G26)=0,"",(L26/G26)) -> 0
A27: FR_GS | B27: Forgone Revenue Rate Rider - Fixed Component (2016) | D27: Monthly | E27: 1 | F27: =IF($A27<>"",VLOOKUP($A27,[3]Rates!$A$1:$R$65536,12,FALSE),0) -> 0 | G27: =E27*F27 -> 0 | I27: =IF($A27<>"",VLOOKUP($A27,[3]Rates!$A$1:$R$65536,14,FALSE),0) -> 1.4 | J27: =$E27*I27 -> 1.4 | L27: =J27-G27 -> 1.4 | M27: =IF((G27)=0,"",(L27/G27))
E28: 1 | F28: =IF($A28<>"",VLOOKUP($A28,[3]Rates!$A$1:$R$65536,12,FALSE),0) -> 0 | G28: =E28*F28 -> 0 | I28: =IF($A28<>"",VLOOKUP($A28,[3]Rates!$A$1:$R$65536,14,FALSE),0) -> 0 | J28: =$E28*I28 -> 0 | L28: =J28-G28 -> 0 | M28: =IF((G28)=0,"",(L28/G28))
A29: =[3]Rates!$A$53 -> Var_GS | B29: Distribution Volumetric Rate | D29: per kWh | E29: =$F$18 -> 2000 | F29: =IF($A29<>"",VLOOKUP($A29,[3]Rates!$A$1:$R$65536,12,FALSE),0) -> 0.0139 | G29: =E29*F29 -> 27.8 | I29: =IF($A29<>"",VLOOKUP($A29,[3]Rates!$A$1:$R$65536,14,FALSE),0) -> 0.0142 | J29: =$E29*I29 -> 28.4 | L29: =J29-G29 -> 0.6 | M29: =IF((G29)=0,"",(L29/G29)) -> 0.021582734
B30: Smart Meter Disposition Rider | D30: per kWh | E30: =$F$18 -> 2000 | F30: =IF($A30<>"",VLOOKUP($A30,[3]Rates!$A$1:$R$65536,12,FALSE),0) -> 0 | G30: =E30*F30 -> 0 | I30: =IF($A30<>"",VLOOKUP($A30,[3]Rates!$A$1:$R$65536,14,FALSE),0) -> 0 | J30: =$E30*I30 -> 0 | L30: =J30-G30 -> 0 | M30: =IF((G30)=0,"",(L30/G30))
A31: FRV_GS | B31: Forgone Revenue Rate Rider - Variable Component (2016) | D31: per kWh | E31: =$F$18 -> 2000 | F31: =IF($A31<>"",VLOOKUP($A31,[3]Rates!$A$1:$R$65536,12,FALSE),0) -> 0 | G31: =E31*F31 -> 0 | I31: =IF($A31<>"",VLOOKUP($A31,[3]Rates!$A$1:$R$65536,14,FALSE),0) -> 0.0009 | J31: =$E31*I31 -> 1.8 | L31: =J31-G31 -> 1.8 | M31: =IF((G31)=0,"",(L31/G31))
A32: =[3]Rates!$A$60 -> ICMV_GS | B32: ICM Rate Rider (2014) | D32: per kWh | E32: =$F$18 -> 2000 | F32: =IF($A32<>"",VLOOKUP($A32,[3]Rates!$A$1:$R$65536,12,FALSE),0) -> 0.0001 | G32: =E32*F32 -> 0.2 | I32: =IF($A32<>"",VLOOKUP($A32,[3]Rates!$A$1:$R$65536,14,FALSE),0) -> 0.0001 | J32: =$E32*I32 -> 0.2 | L32: =J32-G32 -> 0 | M32: =IF((G32)=0,"",(L32/G32)) -> 0
A33: =[3]Rates!$A69 -> 2RAL16_GS | B33: =[3]Rates!$B69 -> Disposition of Deferral/Variance Accounts - Group 2 Accounts (2016) | D33: per kWh | E33: =$F$18 -> 2000 | F33: =IF($A33<>"",VLOOKUP($A33,[3]Rates!$A$1:$R$65536,12,FALSE),0) -> 0 | G33: =E33*F33 -> 0 | I33: =IF($A33<>"",VLOOKUP($A33,[3]Rates!$A$1:$R$65536,14,FALSE),0) -> 0.0002 | J33: =$E33*I33 -> 0.4 | L33: =J33-G33 -> 0.4 | M33: =IF((G33)=0,"",(L33/G33))
A34: =[3]Rates!$A70 -> LRVA16_GS | B34: =[3]Rates!$B70 -> Lost Revenue Adjustment Mechanism Variance Account (LRAMVA) (2016) | D34: per kWh | E34: =$F$18 -> 2000 | F34: =IF($A34<>"",VLOOKUP($A34,[3]Rates!$A$1:$R$65536,12,FALSE),0) -> 0 | G34: =E34*F34 -> 0 | I34: =IF($A34<>"",VLOOKUP($A34,[3]Rates!$A$1:$R$65536,14,FALSE),0) -> 0.0001 | J34: =$E34*I34 -> 0.2 | L34: =J34-G34 -> 0.2 | M34: =IF((G34)=0,"",(L34/G34))
A35: =[3]Rates!$A71 -> PPE16_GS | B35: =[3]Rates!$B71 -> Account 1575 (2016) | D35: per kWh | E35: =$F$18 -> 2000 | F35: =IF($A35<>"",VLOOKUP($A35,[3]Rates!$A$1:$R$65536,12,FALSE),0) -> 0 | G35: =E35*F35 -> 0 | I35: =IF($A35<>"",VLOOKUP($A35,[3]Rates!$A$1:$R$65536,14,FALSE),0) -> 0 | J35: =$E35*I35 -> 0 | L35: =J35-G35 -> 0 | M35: =IF((G35)=0,"",(L35/G35))
A36: =[3]Rates!$A72 -> SG16_GS | B36: =[3]Rates!$B72 -> Smart Grid True-up (2016) | D36: Monthly | E36: 1 | F36: =IF($A36<>"",VLOOKUP($A36,[3]Rates!$A$1:$R$65536,12,FALSE),0) -> 0 | G36: =E36*F36 -> 0 | I36: =IF($A36<>"",VLOOKUP($A36,[3]Rates!$A$1:$R$65536,14,FALSE),0) -> -0.17 | J36: =$E36*I36 -> -0.17 | L36: =J36-G36 -> -0.17 | M36: =IF((G36)=0,"",(L36/G36))
A37: =[3]Rates!$A73 -> SMA16_GS | B37: =[3]Rates!$B73 -> Recovery of Stranded Meter Assets (2016) | D37: Monthly | E37: 1 | F37: =IF($A37<>"",VLOOKUP($A37,[3]Rates!$A$1:$R$65536,12,FALSE),0) -> 0 | G37: =E37*F37 -> 0 | I37: =IF($A37<>"",VLOOKUP($A37,[3]Rates!$A$1:$R$65536,14,FALSE),0) -> 0.21 | J37: =$E37*I37 -> 0.21 | L37: =J37-G37 -> 0.21 | M37: =IF((G37)=0,"",(L37/G37))
A38: =[3]Rates!$A$65 -> LRVA_GS | D38: per kWh | E38: =E35 -> 2000 | G38: =E38*F38 -> 0 | I38: =IF($A38<>"",VLOOKUP($A38,[3]Rates!$A$1:$R$65536,14,FALSE),0) -> 0 | J38: =$E38*I38 -> 0 | L38: =J38-G38 -> 0 | M38: =IF((G38)=0,"",(L38/G38))
B39: Sub-Total A (excluding pass through) | G39: =SUM(G23:G38) -> 54.77 | J39: =SUM(J23:J38) -> 59.68 | L39: =J39-G39 -> 4.91 | M39: =IF((G39)=0,"",(L39/G39)) -> 0.089647617
A40: =[3]Rates!$A$58 -> RAL14_GS | D40: per kWh | E40: =$F$18 -> 2000 | G40: =E40*F40 -> 0 | I40: =IF($A40<>"",VLOOKUP($A40,[3]Rates!$A$1:$R$65536,14,FALSE),0) -> 0 | J40: =$E40*I40 -> 0 | L40: =J40-G40 -> 0 | M40: =IF((G40)=0,"",(L40/G40))
A41: =[3]Rates!$A$66 -> RAL16_GS | B41: =[3]Rates!$B$66 -> Disposition of Deferral/Variance Accounts (2016) | D41: per kWh | E41: =$F$18 -> 2000 | F41: =IF($A41<>"",VLOOKUP($A41,[3]Rates!$A$1:$R$65536,12,FALSE),0) -> 0 | G41: =E41*F41 -> 0 | I41: =IF($A41<>"",VLOOKUP($A41,[3]Rates!$A$1:$R$65536,14,FALSE),0) -> 0.0003 | J41: =$E41*I41 -> 0.6 | L41: =J41-G41 -> 0.6 | M41: =IF((G41)=0,"",(L41/G41))
A42: =[3]Rates!$A$67 -> RALP16_GS | B42: =[3]Rates!$B$67 -> Disposition of Deferral/Variance Accounts - Power (2016) | D42: per kWh | E42: =$F$18 -> 2000 | F42: =IF($A42<>"",VLOOKUP($A42,[3]Rates!$A$1:$R$65536,12,FALSE),0) -> 0 | G42: =E42*F42 -> 0 | I42: =IF($A42<>"",VLOOKUP($A42,[3]Rates!$A$1:$R$65536,14,FALSE),0) -> -0.0003 | J42: =$E42*I42 -> -0.6 | L42: =J42-G42 -> -0.6 | M42: =IF((G42)=0,"",(L42/G42))
F43: =IF($A43<>"",VLOOKUP($A43,[3]Rates!$A$1:$R$65536,12,FALSE),0) -> 0 | G43: =E43*F43 -> 0 | I43: =IF($A43<>"",VLOOKUP($A43,[3]Rates!$A$1:$R$65536,14,FALSE),0) -> 0 | J43: =$E43*I43 -> 0 | L43: =J43-G43 -> 0 | M43: =IF((G43)=0,"",(L43/G43))
A44: =[3]Rates!$A$54 -> LV_GS | B44: Low Voltage Service Charge | D44: per kWh | E44: =$F$18 -> 2000 | F44: =IF($A44<>"",VLOOKUP($A44,[3]Rates!$A$1:$R$65536,12,FALSE),0) -> 0.0003 | G44: =E44*F44 -> 0.6 | I44: =IF($A44<>"",VLOOKUP($A44,[3]Rates!$A$1:$R$65536,14,FALSE),0) -> 0.0003 | J44: =$E44*I44 -> 0.6 | L44: =J44-G44 -> 0 | M44: =IF((G44)=0,"",(L44/G44)) -> 0
B45: Line Losses on Cost of Power | E45: =$F$18*(1+$F$74)-$F$18 -> 69 | F45: =IF(ISBLANK(D16)=TRUE, 0, IF(D16="TOU", 0.64*$F$55+0.18*$F$56+0.18*$F$57, IF(AND(D16="non-TOU", E59>0), F59,F58))) -> 0.11184 | G45: =E45*F45 -> 7.71696 | H45: =$F$18*(1+$O$74)-$F$18 -> 0 | I45: =0.64*$F$55+0.18*$F$56+0.18*$F$57 -> 0.11184 | J45: =$E45*I45 -> 7.71696 | L45: =J45-G45 -> 0 | M45: =IF((G45)=0,"",(L45/G45)) -> 0
B46: Smart Meter Entity Charge | D46: Monthly | E46: 1 | F46: 0.79 | G46: =E46*F46 -> 0.79 | I46: 0.79 | J46: =$E46*I46 -> 0.79 | L46: =J46-G46 -> 0
B47: Sub-Total B - Distribution (includes Sub-Total A) | G47: =SUM(G40:G46)+G39 -> 63.87696 | J47: =SUM(J40:J46)+J39 -> 68.78696 | L47: =J47-G47 -> 4.91 | M47: =IF((G47)=0,"",(L47/G47)) -> 0.076866526
A48: =[3]Rates!$A$76 -> TN_GS | B48: RTSR - Network | D48: per kWh | E48: =F18*(1+F74) -> 2069 | F48: =IF($A48<>"",VLOOKUP($A48,[3]Rates!$A$1:$R$65536,12,FALSE),0) -> 0.0072 | G48: =E48*F48 -> 14.8968 | H48: =F18*(1+O74) -> 2000 | I48: =IF($A48<>"",VLOOKUP($A48,[3]Rates!$A$1:$R$65536,14,FALSE),0) -> 0.0072 | J48: =$E48*I48 -> 14.8968 | L48: =J48-G48 -> 0 | M48: =IF((G48)=0,"",(L48/G48)) -> 0
A49: =[3]Rates!$A$77 -> TC_GS | B49: RTSR - Line and Transformation Connection | D49: per kWh | E49: =E48 -> 2069 | F49: =IF($A49<>"",VLOOKUP($A49,[3]Rates!$A$1:$R$65536,12,FALSE),0) -> 0.003 | G49: =E49*F49 -> 6.207 | H49: =H48 -> 2000 | I49: =IF($A49<>"",VLOOKUP($A49,[3]Rates!$A$1:$R$65536,14,FALSE),0) -> 0.003 | J49: =$E49*I49 -> 6.207 | L49: =J49-G49 -> 0 | M49: =IF((G49)=0,"",(L49/G49)) -> 0
B50: Sub-Total C - Delivery (including Sub-Total B) | G50: =SUM(G47:G49) -> 84.98076 | J50: =SUM(J47:J49) -> 89.89076 | L50: =J50-G50 -> 4.91 | M50: =IF((G50)=0,"",(L50/G50)) -> 0.057777784
B51: Wholesale Market Service Charge (WMSC) | D51: per kWh | E51: =E49 -> 2069 | F51: 0.0036 | G51: =E51*F51 -> 7.4484 | H51: =H49 -> 2000 | I51: 0.0036 | J51: =$E51*I51 -> 7.4484 | L51: =J51-G51 -> 0 | M51: =IF((G51)=0,"",(L51/G51)) -> 0
B52: Rural and Remote Rate Protection (RRRP) | D52: per kWh | E52: =E49 -> 2069 | F52: 0.0013 | G52: =E52*F52 -> 2.6897 | H52: =H49 -> 2000 | I52: 0.0013 | J52: =$E52*I52 -> 2.6897 | L52: =J52-G52 -> 0 | M52: =IF((G52)=0,"",(L52/G52)) -> 0
B53: Standard Supply Service Charge | D53: Monthly | E53: 1 | F53: 0.25 | G53: =E53*F53 -> 0.25 | I53: 0.25 | J53: =$E53*I53 -> 0.25 | L53: =J53-G53 -> 0 | M53: =IF((G53)=0,"",(L53/G53)) -> 0
B54: Debt Retirement Charge (DRC) | D54: per kWh | E54: =F18 -> 2000 | F54: 0.007 | G54: =E54*F54 -> 14 | I54: 0.007 | J54: =$E54*I54 -> 14 | L54: =J54-G54 -> 0 | M54: =IF((G54)=0,"",(L54/G54)) -> 0
B55: TOU - Off Peak | D55: per kWh | E55: =0.64*$F$18 -> 1280 | F55: =Residential!F55 -> 0.087 | G55: =E55*F55 -> 111.36 | H55: =0.64*$F$18 -> 1280 | I55: =F55 -> 0.087 | J55: =$H55*I55 -> 111.36 | L55: =J55-G55 -> 0 | M55: =IF((G55)=0,"",(L55/G55)) -> 0
B56: TOU - Mid Peak | D56: per kWh | E56: =0.18*$F$18 -> 360 | F56: =Residential!F56 -> 0.132 | G56: =E56*F56 -> 47.52 | H56: =0.18*$F$18 -> 360 | I56: =F56 -> 0.132 | J56: =$H56*I56 -> 47.52 | L56: =J56-G56 -> 0 | M56: =IF((G56)=0,"",(L56/G56)) -> 0
B57: TOU - On Peak | D57: per kWh | E57: =0.18*$F$18 -> 360 | F57: =Residential!F57 -> 0.18 | G57: =E57*F57 -> 64.8 | H57: =0.18*$F$18 -> 360 | I57: =F57 -> 0.18 | J57: =$H57*I57 -> 64.8 | L57: =J57-G57 -> 0 | M57: =IF((G57)=0,"",(L57/G57)) -> 0
B58: OESP Charge | D58: per kWh | E58: =F18 -> 2000 | F58: 0.0011 | G58: =E58*F58 -> 2.2 | I58: 0.0011 | J58: =$E58*I58 -> 2.2 | L58: =J58-G58 -> 0 | M58: =IF((G58)=0,"",(L58/G58)) -> 0
G59: =E59*F59 -> 0 | I59: =F59 -> 0 | J59: =$H59*I59 -> 0 | L59: =J59-G59 -> 0 | M59: =IF((G59)=0,"",(L59/G59))
B61: Total Bill on TOU (before Taxes) | G61: =SUM(G51:G58,G50) -> 335.24886 | J61: =SUM(J51:J58,J50) -> 340.15886 | L61: =J61-G61 -> 4.91 | M61: =IF((G61)=0,"",(L61/G61)) -> 0.014645837
B62: HST | F62: 0.13 | G62: =G61*F62 -> 43.582352 | I62: 0.13 | J62: =J61*I62 -> 44.220652 | L62: =J62-G62 -> 0.6383 | M62: =IF((G62)=0,"",(L62/G62)) -> 0.014645837
B63: Total Bill (including HST) | G63: =G61+G62 -> 378.83121 | J63: =J61+J62 -> 384.37951 | L63: =J63-G63 -> 5.5483 | M63: =IF((G63)=0,"",(L63/G63)) -> 0.014645837
B64: Ontario Clean Energy Benefit 1 | F64: 0 | G64: =-G63*F64 -> 0 | L64: =J64-G64 -> 0 | M64: =IF((G64)=0,"",(L64/G64))
B65: Total Bill on TOU (including OCEB) | G65: =G63+G64 -> 378.83121 | J65: =J63+J64 -> 384.37951 | L65: =J65-G65 -> 5.5483 | M65: =IF((G65)=0,"",(L65/G65)) -> 0.014645837
B67: Total Bill on RPP (before Taxes) | G67: =SUM(G58:G59,G50,G51:G54) -> 111.56886 | J67: =SUM(J58:J59,J50,J51:J54) -> 116.47886 | L67: =J67-G67 -> 4.91 | M67: =IF((G67)=0,"",(L67/G67)) -> 0.044008696
B68: HST | F68: 0.13 | G68: =G67*F68 -> 14.503952 | I68: 0.13 | J68: =J67*I68 -> 15.142252 | L68: =J68-G68 -> 0.6383 | M68: =IF((G68)=0,"",(L68/G68)) -> 0.044008696
B69: Total Bill (including HST) | G69: =G67+G68 -> 126.07281 | J69: =J67+J68 -> 131.62111 | L69: =J69-G69 -> 5.5483 | M69: =IF((G69)=0,"",(L69/G69)) -> 0.044008696
B70: Ontario Clean Energy Benefit 1 | F70: 0.1 | G70: =-G69*F70 -> -12.607281 | L70: =J70-G70 -> 12.607281 | M70: =IF((G70)=0,"",(L70/G70)) -> -1
B71: Total Bill on RPP (including OCEB) | G71: =SUM(G69:G70) -> 113.46553 | J71: =SUM(J69:J70) -> 131.62111 | L71: =J71-G71 -> 18.155581 | M71: =IF((G71)=0,"",(L71/G71)) -> 0.16000966
B74: Loss Factor (%) | F74: 0.0345 | I74: 0.0345
A76: 1 Applicable to eligible customers only. Refer to the Ontario Clean Energy Benefit Act, 2010.
A78: Note that the "Charge $" columns provide breakdowns of the amounts that each bill component contributes to the total monthly bill at the referenced
A79: consumption level at existing and proposed rates.
A81: Applicants must provide bill impacts for residential at 800 kWh and GS<50kW at 2000 kWh. In addition, their filing must cover the range that is relevant
A82: to their service territory, class by class. A general guideline of consumption levels follows:
A84: Residential (kWh) - 100, 250, 500, 800, 1000, 1500, 2000
A85: GS<50kW (kWh) - 1000, 2000, 5000, 10000, 15000
A86: GS>50kW (kW) - 60, 100, 500, 1000
A87: Large User - range appropriate for utility
A88: Lighting Classes and USL - 150 kWh and 1 kW, range appropriate for utility.
B90: Note that cells with the highlighted color shown to the left indicate quantities that are loss adjusted.

Sheet GS>50
O1: May 1 - Oct 31 | P1: 1 | R1: 2
O2: Nov 1 - Apr 30 | P2: 2
B10: Appendix 2-W
B11: Bill Impacts - GS > 50
B14: Customer Class: | D14: GS > 50
B16: TOU / non-TOU: | D16: TOU
D17: Consumption | F17: 80000
D18: Load | F18: 250
F20: 2015 Current Board-Approved | I20: =Residential!I20 -> 2016 | L20: =Residential!L20 -> Impact 2016 vs. 2015
D21: Charge Unit | E21: Volume | F21: Rate | G21: Charge | I21: Rate | J21: Charge | L21: $ Change | M21: % Change
F22: ($) | G22: ($) | I22: ($) | J22: ($)
A23: =[3]Rates!$A$81 -> Fix_GSL | B23: Monthly Service Charge | D23: Monthly | E23: 1 | F23: =IF($A23<>"",VLOOKUP($A23,[3]Rates!$A$1:$R$65536,12,FALSE),0) -> 138.48 | G23: =E23*F23 -> 138.48 | I23: =IF($A23<>"",VLOOKUP($A23,[3]Rates!$A$1:$R$65536,14,FALSE),0) -> 140.97 | J23: =$E23*I23 -> 140.97 | L23: =J23-G23 -> 2.49 | M23: =IF((G23)=0,"",(L23/G23)) -> 0.017980936
B24: Smart Meter Rate Adder | D24: Monthly | E24: 1 | F24: =IF($A24<>"",VLOOKUP($A24,[3]Rates!$A$1:$R$65536,12,FALSE),0) -> 0 | G24: =E24*F24 -> 0 | I24: =IF($A24<>"",VLOOKUP($A24,[3]Rates!$A$1:$R$65536,14,FALSE),0) -> 0 | J24: =$E24*I24 -> 0 | L24: =J24-G24 -> 0 | M24: =IF((G24)=0,"",(L24/G24))
A25: =[3]Rates!$A$83 -> PPE_GSL | B25: Recovery of CGAAP/CWIP Differential | D25: Monthly | E25: 1 | F25: =IF($A25<>"",VLOOKUP($A25,[3]Rates!$A$1:$R$65536,12,FALSE),0) -> 6.99 | G25: =E25*F25 -> 6.99 | I25: =IF($A25<>"",VLOOKUP($A25,[3]Rates!$A$1:$R$65536,14,FALSE),0) -> 6.99 | J25: =$E25*I25 -> 6.99 | L25: =J25-G25 -> 0 | M25: =IF((G25)=0,"",(L25/G25)) -> 0
A26: =[3]Rates!$A$84 -> ICMF_GSL | B26: ICM Rate Rider (2014) | D26: Monthly | E26: 1 | F26: =IF($A26<>"",VLOOKUP($A26,[3]Rates!$A$1:$R$65536,12,FALSE),0) -> 0.72 | G26: =E26*F26 -> 0.72 | I26: =IF($A26<>"",VLOOKUP($A26,[3]Rates!$A$1:$R$65536,14,FALSE),0) -> 0.72 | J26: =$E26*I26 -> 0.72 | L26: =J26-G26 -> 0 | M26: =IF((G26)=0,"",(L26/G26)) -> 0
A27: FR_GSL | B27: Forgone Revenue Rate Rider - Fixed Component (2016) | D27: Monthly | E27: 1 | F27: =IF($A27<>"",VLOOKUP($A27,[3]Rates!$A$1:$R$65536,12,FALSE),0) -> 0 | G27: =E27*F27 -> 0 | I27: =IF($A27<>"",VLOOKUP($A27,[3]Rates!$A$1:$R$65536,14,FALSE),0) -> 7.38 | J27: =$E27*I27 -> 7.38 | L27: =J27-G27 -> 7.38 | M27: =IF((G27)=0,"",(L27/G27))
E28: 1 | F28: =IF($A28<>"",VLOOKUP($A28,[3]Rates!$A$1:$R$65536,12,FALSE),0) -> 0 | G28: =E28*F28 -> 0 | I28: =IF($A28<>"",VLOOKUP($A28,[3]Rates!$A$1:$R$65536,14,FALSE),0) -> 0 | J28: =$E28*I28 -> 0 | L28: =J28-G28 -> 0 | M28: =IF((G28)=0,"",(L28/G28))
A29: =[3]Rates!$A$86 -> Var_GSL | B29: Distribution Volumetric Rate | D29: per kW | E29: =$F$18 -> 250 | F29: =IF($A29<>"",VLOOKUP($A29,[3]Rates!$A$1:$R$65536,12,FALSE),0) -> 3.3278 | G29: =E29*F29 -> 831.95 | I29: =IF($A29<>"",VLOOKUP($A29,[3]Rates!$A$1:$R$65536,14,FALSE),0) -> 3.3877 | J29: =$E29*I29 -> 846.925 | L29: =J29-G29 -> 14.975 | M29: =IF((G29)=0,"",(L29/G29)) -> 0.01799988
B30: Smart Meter Disposition Rider | D30: per kW | E30: =$F$18 -> 250 | F30: =IF($A30<>"",VLOOKUP($A30,[3]Rates!$A$1:$R$65536,12,FALSE),0) -> 0 | G30: =E30*F30 -> 0 | I30: =IF($A30<>"",VLOOKUP($A30,[3]Rates!$A$1:$R$65536,14,FALSE),0) -> 0 | J30: =$E30*I30 -> 0 | L30: =J30-G30 -> 0 | M30: =IF((G30)=0,"",(L30/G30))
A31: FRV_GSL | B31: Forgone Revenue Rate Rider - Variable Component (2016) | D31: per kW | E31: =$F$18 -> 250 | F31: =IF($A31<>"",VLOOKUP($A31,[3]Rates!$A$1:$R$65536,12,FALSE),0) -> 0 | G31: =E31*F31 -> 0 | I31: =IF($A31<>"",VLOOKUP($A31,[3]Rates!$A$1:$R$65536,14,FALSE),0) -> 0.1857 | J31: =$E31*I31 -> 46.425 | L31: =J31-G31 -> 46.425 | M31: =IF((G31)=0,"",(L31/G31))
A32: =[3]Rates!$A$92 -> ICMV_GSL | B32: ICM Rate Rider (2014) | D32: per kW | E32: =$F$18 -> 250 | F32: =IF($A32<>"",VLOOKUP($A32,[3]Rates!$A$1:$R$65536,12,FALSE),0) -> 0.0173 | G32: =E32*F32 -> 4.325 | I32: =IF($A32<>"",VLOOKUP($A32,[3]Rates!$A$1:$R$65536,14,FALSE),0) -> 0.0173 | J32: =$E32*I32 -> 4.325 | L32: =J32-G32 -> 0 | M32: =IF((G32)=0,"",(L32/G32)) -> 0
A33: =[3]Rates!$A102 -> 2RAL16_GSL | B33: =[3]Rates!$B$102 -> Disposition of Deferral/Variance Accounts - Group 2 Accounts (2016) | D33: per kW | E33: =$F$18 -> 250 | F33: =IF($A33<>"",VLOOKUP($A33,[3]Rates!$A$1:$R$65536,12,FALSE),0) -> 0 | G33: =E33*F33 -> 0 | I33: =IF($A33<>"",VLOOKUP($A33,[3]Rates!$A$1:$R$65536,14,FALSE),0) -> 0.062 | J33: =$E33*I33 -> 15.5 | L33: =J33-G33 -> 15.5 | M33: =IF((G33)=0,"",(L33/G33))
A34: =[3]Rates!$A103 -> LRVA16_GSL | B34: =[3]Rates!$B103 -> Lost Revenue Adjustment Mechanism Variance Account (LRAMVA) (2016) | D34: per kW | E34: =$F$18 -> 250 | F34: =IF($A34<>"",VLOOKUP($A34,[3]Rates!$A$1:$R$65536,12,FALSE),0) -> 0 | G34: =E34*F34 -> 0 | I34: =IF($A34<>"",VLOOKUP($A34,[3]Rates!$A$1:$R$65536,14,FALSE),0) -> -0.0196 | J34: =$E34*I34 -> -4.9 | L34: =J34-G34 -> -4.9 | M34: =IF((G34)=0,"",(L34/G34))
A35: =[3]Rates!$A104 -> PPE16_GSL | B35: =[3]Rates!$B104 -> Account 1575 (2016) | D35: per kW | E35: =$F$18 -> 250 | F35: =IF($A35<>"",VLOOKUP($A35,[3]Rates!$A$1:$R$65536,12,FALSE),0) -> 0 | G35: =E35*F35 -> 0 | I35: =IF($A35<>"",VLOOKUP($A35,[3]Rates!$A$1:$R$65536,14,FALSE),0) -> 0 | J35: =$E35*I35 -> 0 | L35: =J35-G35 -> 0 | M35: =IF((G35)=0,"",(L35/G35))
A36: =[3]Rates!$A105 -> SG16_GSL | B36: =[3]Rates!$B105 -> Smart Grid True-up (2016) | D36: Monthly | E36: 1 | F36: =IF($A36<>"",VLOOKUP($A36,[3]Rates!$A$1:$R$65536,12,FALSE),0) -> 0 | G36: =E36*F36 -> 0 | I36: =IF($A36<>"",VLOOKUP($A36,[3]Rates!$A$1:$R$65536,14,FALSE),0) -> -4.81 | J36: =$E36*I36 -> -4.81 | L36: =J36-G36 -> -4.81 | M36: =IF((G36)=0,"",(L36/G36))
A37: =[3]Rates!$A$98 -> LRVA_GSL | D37: per kW | E37: =E29 -> 250 | G37: =E37*F37 -> 0 | I37: =IF($A37<>"",VLOOKUP($A37,[3]Rates!$A$1:$R$65536,14,FALSE),0) -> 0 | J37: =$E37*I37 -> 0 | L37: =J37-G37 -> 0 | M37: =IF((G37)=0,"",(L37/G37))
F38: =IF($A38<>"",VLOOKUP($A38,[3]Rates!$A$1:$R$65536,12,FALSE),0) -> 0 | G38: =E38*F38 -> 0 | I38: =IF($A38<>"",VLOOKUP($A38,[3]Rates!$A$1:$R$65536,14,FALSE),0) -> 0 | J38: =$E38*I38 -> 0 | L38: =J38-G38 -> 0 | M38: =IF((G38)=0,"",(L38/G38))
B39: Sub-Total A (excluding pass through) | G39: =SUM(G23:G38) -> 982.465 | J39: =SUM(J23:J38) -> 1059.525 | L39: =J39-G39 -> 77.06 | M39: =IF((G39)=0,"",(L39/G39)) -> 0.078435364
A40: =[3]Rates!$A$90 -> RAL14_GSL | D40: per kW | E40: =$F$18 -> 250 | G40: =E40*F40 -> 0 | I40: =IF($A40<>"",VLOOKUP($A40,[3]Rates!$A$1:$R$65536,14,FALSE),0) -> 0 | J40: =$E40*I40 -> 0 | L40: =J40-G40 -> 0 | M40: =IF((G40)=0,"",(L40/G40))
A41: =[3]Rates!$A99 -> RAL16_GSL | B41: =[3]Rates!$B99 -> Disposition of Deferral/Variance Accounts (2016) | D41: per kW | E41: =$F$18 -> 250 | F41: =IF($A41<>"",VLOOKUP($A41,[3]Rates!$A$1:$R$65536,12,FALSE),0) -> 0 | G41: =E41*F41 -> 0 | I41: =IF($A41<>"",VLOOKUP($A41,[3]Rates!$A$1:$R$65536,14,FALSE),0) -> 0.1169 | J41: =$E41*I41 -> 29.225 | L41: =J41-G41 -> 29.225 | M41: =IF((G41)=0,"",(L41/G41))
A42: =[3]Rates!$A100 -> RALP16_GSL | B42: =[3]Rates!$B100 -> Disposition of Deferral/Variance Accounts - Power (2016) | D42: per kW | E42: =$F$18 -> 250 | F42: =IF($A42<>"",VLOOKUP($A42,[3]Rates!$A$1:$R$65536,12,FALSE),0) -> 0 | G42: =E42*F42 -> 0 | I42: =IF($A42<>"",VLOOKUP($A42,[3]Rates!$A$1:$R$65536,14,FALSE),0) -> -0.1224 | J42: =$E42*I42 -> -30.6 | L42: =J42-G42 -> -30.6 | M42: =IF((G42)=0,"",(L42/G42))
A43: =[3]Rates!$A101 -> GA16_GSL | B43: =[3]Rates!$B101 -> Disposition of Deferral/Variance Accounts - Power - Global Adjustment (2016) | D43: per kW | E43: =$F$18 -> 250 | F43: =IF($A43<>"",VLOOKUP($A43,[3]Rates!$A$1:$R$65536,12,FALSE),0) -> 0 | G43: =E43*F43 -> 0 | I43: =IF($A43<>"",VLOOKUP($A43,[3]Rates!$A$1:$R$65536,14,FALSE),0) -> 0.4319 | J43: =$E43*I43 -> 107.975 | L43: =J43-G43 -> 107.975 | M43: =IF((G43)=0,"",(L43/G43))
A44: =[3]Rates!$A$91 -> GA14_GSL | B44: =[3]Rates!$B$91 -> Disposition of Global Adjustment Sub-Account (2014) | D44: per kW | E44: =F18 -> 250 | F44: =IF($A44<>"",VLOOKUP($A44,[3]Rates!$A$1:$R$65536,12,FALSE),0) -> -0.072 | G44: =E44*F44 -> -18 | I44: =IF($A44<>"",VLOOKUP($A44,[3]Rates!$A$1:$R$65536,14,FALSE),0) -> 0 | J44: =$E44*I44 -> 0 | L44: =J44-G44 -> 18
F45: =IF($A45<>"",VLOOKUP($A45,[3]Rates!$A$1:$R$65536,12,FALSE),0) -> 0 | I45: =IF($A45<>"",VLOOKUP($A45,[3]Rates!$A$1:$R$65536,14,FALSE),0) -> 0
F46: =IF($A46<>"",VLOOKUP($A46,[3]Rates!$A$1:$R$65536,12,FALSE),0) -> 0 | I46: =IF($A46<>"",VLOOKUP($A46,[3]Rates!$A$1:$R$65536,14,FALSE),0) -> 0
A47: =[3]Rates!$A$87 -> LV_GSL | B47: Low Voltage Service Charge | D47: per kW | E47: =$F$18 -> 250 | F47: =IF($A47<>"",VLOOKUP($A47,[3]Rates!$A$1:$R$65536,12,FALSE),0) -> 0.1189 | G47: =E47*F47 -> 29.725 | I47: =IF($A47<>"",VLOOKUP($A47,[3]Rates!$A$1:$R$65536,14,FALSE),0) -> 0.1189 | J47: =$E47*I47 -> 29.725 | L47: =J47-G47 -> 0 | M47: =IF((G47)=0,"",(L47/G47)) -> 0
B48: Line Losses on Cost of Power | E48: =$F$17*(1+$F$77)-$F$17 -> 2760 | G48: =E48*F48 -> 0 | H48: =$F$17*(1+$O$77)-$F$17 -> 0 | J48: =$H48*I48 -> 0 | L48: =J48-G48 -> 0 | M48: =IF((G48)=0,"",(L48/G48))
G49: =E49*F49 -> 0 | L49: =J49-G49 -> 0
B50: Sub-Total B - Distribution (includes Sub-Total A) | G50: =SUM(G40:G49)+G39 -> 994.19 | J50: =SUM(J40:J49)+J39 -> 1195.85 | L50: =J50-G50 -> 201.66 | M50: =IF((G50)=0,"",(L50/G50)) -> 0.20283849
A51: =[3]Rates!$A$108 -> TN_GSL | B51: RTSR - Network | D51: per kW | E51: =F18 -> 250 | F51: =IF($A51<>"",VLOOKUP($A51,[3]Rates!$A$1:$R$65536,12,FALSE),0) -> 2.9192 | G51: =E51*F51 -> 729.8 | H51: 250 | I51: =IF($A51<>"",VLOOKUP($A51,[3]Rates!$A$1:$R$65536,14,FALSE),0) -> 2.9192 | J51: =$E51*I51 -> 729.8 | L51: =J51-G51 -> 0 | M51: =IF((G51)=0,"",(L51/G51)) -> 0
A52: =[3]Rates!$A$109 -> TC_GSL | B52: RTSR - Line and Transformation Connection | D52: per kW | E52: =E51 -> 250 | F52: =IF($A52<>"",VLOOKUP($A52,[3]Rates!$A$1:$R$65536,12,FALSE),0) -> 1.1726 | G52: =E52*F52 -> 293.15 | H52: 250 | I52: =IF($A52<>"",VLOOKUP($A52,[3]Rates!$A$1:$R$65536,14,FALSE),0) -> 1.1726 | J52: =$E52*I52 -> 293.15 | L52: =J52-G52 -> 0 | M52: =IF((G52)=0,"",(L52/G52)) -> 0
B53: Sub-Total C - Delivery (including Sub-Total B) | G53: =SUM(G50:G52) -> 2017.14 | J53: =SUM(J50:J52) -> 2218.8 | L53: =J53-G53 -> 201.66 | M53: =IF((G53)=0,"",(L53/G53)) -> 0.099973229
B54: Wholesale Market Service Charge (WMSC) | D54: per kWh | E54: =F17+E48 -> 82760 | F54: 0.0036 | G54: =E54*F54 -> 297.936 | H54: =F$17*(1+O$77) -> 80000 | I54: 0.0036 | J54: =$E54*I54 -> 297.936 | L54: =J54-G54 -> 0 | M54: =IF((G54)=0,"",(L54/G54)) -> 0
B55: Rural and Remote Rate Protection (RRRP) | D55: per kWh | E55: =E54 -> 82760 | F55: 0.0013 | G55: =E55*F55 -> 107.588 | H55: =F$17*(1+O$77) -> 80000 | I55: 0.0013 | J55: =$E55*I55 -> 107.588 | L55: =J55-G55 -> 0 | M55: =IF((G55)=0,"",(L55/G55)) -> 0
B56: Standard Supply Service Charge | D56: Monthly | E56: 1 | F56: 0.25 | G56: =E56*F56 -> 0.25 | I56: 0.25 | J56: =$E56*I56 -> 0.25 | L56: =J56-G56 -> 0 | M56: =IF((G56)=0,"",(L56/G56)) -> 0
B57: Debt Retirement Charge (DRC) | D57: per kWh | E57: =F17 -> 80000 | F57: 0.007 | G57: =E57*F57 -> 560 | I57: 0.007 | J57: =$E57*I57 -> 560 | L57: =J57-G57 -> 0 | M57: =IF((G57)=0,"",(L57/G57)) -> 0
B58: TOU - Off Peak | D58: per kWh | E58: =0.64*$F$17+E48*0.64 -> 52966.4 | F58: =Residential!F55 -> 0.087 | G58: =E58*F58 -> 4608.0768 | H58: =0.64*$F$17+H48*0.64 -> 51200 | I58: =F58 -> 0.087 | J58: =$E58*I58 -> 4608.0768 | L58: =J58-G58 -> 0 | M58: =IF((G58)=0,"",(L58/G58)) -> 0
B59: TOU - Mid Peak | D59: per kWh | E59: =0.18*$F$17+E48*0.18 -> 14896.8 | F59: =Residential!F56 -> 0.132 | G59: =E59*F59 -> 1966.3776 | H59: =0.18*$F$17+H48*0.18 -> 14400 | I59: =F59 -> 0.132 | J59: =$E59*I59 -> 1966.3776 | L59: =J59-G59 -> 0 | M59: =IF((G59)=0,"",(L59/G59)) -> 0
B60: TOU - On Peak | D60: per kWh | E60: =0.18*$F$17+E48*0.18 -> 14896.8 | F60: =Residential!F57 -> 0.18 | G60: =E60*F60 -> 2681.424 | H60: =0.18*$F$17+H48*0.18 -> 14400 | I60: =F60 -> 0.18 | J60: =$E60*I60 -> 2681.424 | L60: =J60-G60 -> 0 | M60: =IF((G60)=0,"",(L60/G60)) -> 0
B61: OESP Charge | D61: per kWh | E61: =F17 -> 80000 | F61: 0.0011 | G61: =E61*F61 -> 88 | I61: 0.0011 | J61: =$E61*I61 -> 88 | L61: =J61-G61 -> 0 | M61: =IF((G61)=0,"",(L61/G61)) -> 0
G62: =E62*F62 -> 0 | I62: =F62 -> 0 | J62: =$E62*I62 -> 0 | L62: =J62-G62 -> 0 | M62: =IF((G62)=0,"",(L62/G62))
B64: Total Bill on TOU (before Taxes) | G64: =SUM(G54:G61,G53) -> 12326.792 | J64: =SUM(J54:J61,J53) -> 12528.452 | L64: =J64-G64 -> 201.66 | M64: =IF((G64)=0,"",(L64/G64)) -> 0.016359487
B65: HST | F65: 0.13 | G65: =G64*F65 -> 1602.483 | I65: 0.13 | J65: =J64*I65 -> 1628.6988 | L65: =J65-G65 -> 26.2158 | M65: =IF((G65)=0,"",(L65/G65)) -> 0.016359487
B66: Total Bill (including HST) | G66: =G64+G65 -> 13929.275 | J66: =J64+J65 -> 14157.151 | L66: =J66-G66 -> 227.8758 | M66: =IF((G66)=0,"",(L66/G66)) -> 0.016359487
B67: Ontario Clean Energy Benefit 1 | L67: =J67-G67 -> 0 | M67: =IF((G67)=0,"",(L67/G67))
B68: Total Bill on TOU (including OCEB) | G68: =G66+G67 -> 13929.275 | J68: =J66+J67 -> 14157.151 | L68: =J68-G68 -> 227.8758 | M68: =IF((G68)=0,"",(L68/G68)) -> 0.016359487
B70: Total Bill on RPP (before Taxes) | G70: =SUM(G61:G62,G53,G54:G57) -> 3070.914 | J70: =SUM(J61:J62,J53,J54:J57) -> 3272.574 | L70: =J70-G70 -> 201.66 | M70: =IF((G70)=0,"",(L70/G70)) -> 0.065667746
B71: HST | F71: 0.13 | G71: =G70*F71 -> 399.21882 | I71: 0.13 | J71: =J70*I71 -> 425.43462 | L71: =J71-G71 -> 26.2158 | M71: =IF((G71)=0,"",(L71/G71)) -> 0.065667746
B72: Total Bill (including HST) | G72: =G70+G71 -> 3470.1328 | J72: =J70+J71 -> 3698.0086 | L72: =J72-G72 -> 227.8758 | M72: =IF((G72)=0,"",(L72/G72)) -> 0.065667746
B73: Ontario Clean Energy Benefit 1 | L73: =J73-G73 -> 0 | M73: =IF((G73)=0,"",(L73/G73))
B74: Total Bill on RPP (including OCEB) | G74: =SUM(G72:G73) -> 3470.1328 | J74: =SUM(J72:J73) -> 3698.0086 | L74: =J74-G74 -> 227.8758 | M74: =IF((G74)=0,"",(L74/G74)) -> 0.065667746
B77: Loss Factor (%) | F77: 0.0345 | I77: 0.0345
A79: 1 Applicable to eligible customers only. Refer to the Ontario Clean Energy Benefit Act, 2010.
A81: Note that the "Charge $" columns provide breakdowns of the amounts that each bill component contributes to the total monthly bill at the referenced
A82: consumption level at existing and proposed rates.
A84: Applicants must provide bill impacts for residential at 800 kWh and GS<50kW at 2000 kWh. In addition, their filing must cover the range that is relevant
A85: to their service territory, class by class. A general guideline of consumption levels follows:
A87: Residential (kWh) - 100, 250, 500, 800, 1000, 1500, 2000
A88: GS<50kW (kWh) - 1000, 2000, 5000, 10000, 15000
A89: GS>50kW (kW) - 60, 100, 500, 1000
A90: Large User - range appropriate for utility
A91: Lighting Classes and USL - 150 kWh and 1 kW, range appropriate for utility.
B93: Note that cells with the highlighted color shown to the left indicate quantities that are loss adjusted.

Sheet LU
O1: May 1 - Oct 31 | P1: 1 | R1: 2
O2: Nov 1 - Apr 30 | P2: 2
B10: Appendix 2-W
B11: Bill Impacts - Large User
B14: Customer Class: | D14: Large User
B16: TOU / non-TOU: | D16: TOU
D17: Consumption | F17: 2800000
D18: Load | F18: 7350
F20: 2015 Current Board-Approved | I20: =Residential!I20 -> 2016 | L20: =Residential!L20 -> Impact 2016 vs. 2015
D21: Charge Unit | E21: Volume | F21: Rate | G21: Charge | I21: Rate | J21: Charge | L21: $ Change | M21: % Change
F22: ($) | G22: ($) | I22: ($) | J22: ($)
A23: =[3]Rates!$A$113 -> Fix_LU | B23: Monthly Service Charge | D23: Monthly | E23: 1 | F23: =IF($A23<>"",VLOOKUP($A23,[3]Rates!$A$1:$R$65536,12,FALSE),0) -> 5966.29 | G23: =E23*F23 -> 5966.29 | I23: =IF($A23<>"",VLOOKUP($A23,[3]Rates!$A$1:$R$65536,14,FALSE),0) -> 6073.68 | J23: =$E23*I23 -> 6073.68 | L23: =J23-G23 -> 107.39 | M23: =IF((G23)=0,"",(L23/G23)) -> 0.01799946
B24: Smart Meter Rate Adder | D24: Monthly | E24: 1 | F24: =IF($A24<>"",VLOOKUP($A24,[3]Rates!$A$1:$R$65536,12,FALSE),0) -> 0 | G24: =E24*F24 -> 0 | I24: =IF($A24<>"",VLOOKUP($A24,[3]Rates!$A$1:$R$65536,14,FALSE),0) -> 0 | J24: =$E24*I24 -> 0 | L24: =J24-G24 -> 0 | M24: =IF((G24)=0,"",(L24/G24))
A25: =[3]Rates!$A$115 -> PPE_LU | B25: Recovery of CGAAP/CWIP Differential | D25: Monthly | E25: 1 | F25: =IF($A25<>"",VLOOKUP($A25,[3]Rates!$A$1:$R$65536,12,FALSE),0) -> 104.59 | G25: =E25*F25 -> 104.59 | I25: =IF($A25<>"",VLOOKUP($A25,[3]Rates!$A$1:$R$65536,14,FALSE),0) -> 104.59 | J25: =$E25*I25 -> 104.59 | L25: =J25-G25 -> 0 | M25: =IF((G25)=0,"",(L25/G25)) -> 0
A26: =[3]Rates!$A$116 -> ICMF_LU | B26: ICM Rate Rider (2014) | D26: Monthly | E26: 1 | F26: =IF($A26<>"",VLOOKUP($A26,[3]Rates!$A$1:$R$65536,12,FALSE),0) -> 30.93 | G26: =E26*F26 -> 30.93 | I26: =IF($A26<>"",VLOOKUP($A26,[3]Rates!$A$1:$R$65536,14,FALSE),0) -> 30.93 | J26: =$E26*I26 -> 30.93 | L26: =J26-G26 -> 0 | M26: =IF((G26)=0,"",(L26/G26)) -> 0
A27: FR_LU | B27: Forgone Revenue Rate Rider - Fixed Component (2016) | D27: Monthly | E27: 1 | F27: =IF($A27<>"",VLOOKUP($A27,[3]Rates!$A$1:$R$65536,12,FALSE),0) -> 0 | G27: =E27*F27 -> 0 | I27: =IF($A27<>"",VLOOKUP($A27,[3]Rates!$A$1:$R$65536,14,FALSE),0) -> 322.17 | J27: =$E27*I27 -> 322.17 | L27: =J27-G27 -> 322.17 | M27: =IF((G27)=0,"",(L27/G27))
E28: 1 | F28: =IF($A28<>"",VLOOKUP($A28,[3]Rates!$A$1:$R$65536,12,FALSE),0) -> 0 | G28: =E28*F28 -> 0 | I28: =IF($A28<>"",VLOOKUP($A28,[3]Rates!$A$1:$R$65536,14,FALSE),0) -> 0 | J28: =$E28*I28 -> 0 | L28: =J28-G28 -> 0 | M28: =IF((G28)=0,"",(L28/G28))
A29: =[3]Rates!$A$118 -> Var_LU | B29: Distribution Volumetric Rate | D29: per kW | E29: =$F$18 -> 7350 | F29: =IF($A29<>"",VLOOKUP($A29,[3]Rates!$A$1:$R$65536,12,FALSE),0) -> 1.4159 | G29: =E29*F29 -> 10406.865 | I29: =IF($A29<>"",VLOOKUP($A29,[3]Rates!$A$1:$R$65536,14,FALSE),0) -> 1.4414 | J29: =$E29*I29 -> 10594.29 | L29: =J29-G29 -> 187.425 | M29: =IF((G29)=0,"",(L29/G29)) -> 0.018009746
B30: Smart Meter Disposition Rider | D30: per kW | E30: =$F$18 -> 7350 | F30: =IF($A30<>"",VLOOKUP($A30,[3]Rates!$A$1:$R$65536,12,FALSE),0) -> 0 | G30: =E30*F30 -> 0 | I30: =IF($A30<>"",VLOOKUP($A30,[3]Rates!$A$1:$R$65536,14,FALSE),0) -> 0 | J30: =$E30*I30 -> 0 | L30: =J30-G30 -> 0 | M30: =IF((G30)=0,"",(L30/G30))
A31: FRV_LU | B31: Forgone Revenue Rate Rider - Variable Component (2016) | D31: per kW | E31: =$F$18 -> 7350 | F31: =IF($A31<>"",VLOOKUP($A31,[3]Rates!$A$1:$R$65536,12,FALSE),0) -> 0 | G31: =E31*F31 -> 0 | I31: =IF($A31<>"",VLOOKUP($A31,[3]Rates!$A$1:$R$65536,14,FALSE),0) -> 0.0759 | J31: =$E31*I31 -> 557.865 | L31: =J31-G31 -> 557.865 | M31: =IF((G31)=0,"",(L31/G31))
A32: =[3]Rates!$A$123 -> ICMV_LU | B32: ICM Rate Rider (2014) | D32: per kW | E32: =$F$18 -> 7350 | F32: =IF($A32<>"",VLOOKUP($A32,[3]Rates!$A$1:$R$65536,12,FALSE),0) -> 0.0073 | G32: =E32*F32 -> 53.655 | I32: =IF($A32<>"",VLOOKUP($A32,[3]Rates!$A$1:$R$65536,14,FALSE),0) -> 0.0073 | J32: =$E32*I32 -> 53.655 | L32: =J32-G32 -> 0 | M32: =IF((G32)=0,"",(L32/G32)) -> 0
A33: =[3]Rates!$A129 -> 2RAL16_LU | B33: =[3]Rates!$B129 -> Disposition of Deferral/Variance Accounts - Group 2 Accounts (2016) | D33: per kW | E33: =$F$18 -> 7350 | F33: =IF($A33<>"",VLOOKUP($A33,[3]Rates!$A$1:$R$65536,12,FALSE),0) -> 0 | G33: =E33*F33 -> 0 | I33: =IF($A33<>"",VLOOKUP($A33,[3]Rates!$A$1:$R$65536,14,FALSE),0) -> 0.084 | J33: =$E33*I33 -> 617.4 | L33: =J33-G33 -> 617.4 | M33: =IF((G33)=0,"",(L33/G33))
A34: =[3]Rates!$A130 -> LRVA16_LU | B34: =[3]Rates!$B130 -> Lost Revenue Adjustment Mechanism Variance Account (LRAMVA) (2016) | D34: per kW | E34: =$F$18 -> 7350 | F34: =IF($A34<>"",VLOOKUP($A34,[3]Rates!$A$1:$R$65536,12,FALSE),0) -> 0 | G34: =E34*F34 -> 0 | I34: =IF($A34<>"",VLOOKUP($A34,[3]Rates!$A$1:$R$65536,14,FALSE),0) -> -0.0356 | J34: =$E34*I34 -> -261.66 | L34: =J34-G34 -> -261.66 | M34: =IF((G34)=0,"",(L34/G34))
A35: =[3]Rates!$A131 -> PPE16_LU | B35: =[3]Rates!$B131 -> Account 1575 (2016) | D35: per kW | E35: =$F$18 -> 7350 | F35: =IF($A35<>"",VLOOKUP($A35,[3]Rates!$A$1:$R$65536,12,FALSE),0) -> 0 | G35: =E35*F35 -> 0 | I35: =IF($A35<>"",VLOOKUP($A35,[3]Rates!$A$1:$R$65536,14,FALSE),0) -> 0 | J35: =$E35*I35 -> 0 | L35: =J35-G35 -> 0 | M35: =IF((G35)=0,"",(L35/G35))
A36: =[3]Rates!$A132 -> SG16_LU | B36: =[3]Rates!$B132 -> Smart Grid True-up (2016) | D36: Monthly | E36: 1 | F36: =IF($A36<>"",VLOOKUP($A36,[3]Rates!$A$1:$R$65536,12,FALSE),0) -> 0 | G36: =E36*F36 -> 0 | I36: =IF($A36<>"",VLOOKUP($A36,[3]Rates!$A$1:$R$65536,14,FALSE),0) -> -199.61 | J36: =$E36*I36 -> -199.61 | L36: =J36-G36 -> -199.61 | M36: =IF((G36)=0,"",(L36/G36))
F37: =IF($A37<>"",VLOOKUP($A37,[3]Rates!$A$1:$R$65536,12,FALSE),0) -> 0 | I37: =IF($A37<>"",VLOOKUP($A37,[3]Rates!$A$1:$R$65536,14,FALSE),0) -> 0
F38: =IF($A38<>"",VLOOKUP($A38,[3]Rates!$A$1:$R$65536,12,FALSE),0) -> 0 | G38: =E38*F38 -> 0 | I38: =IF($A38<>"",VLOOKUP($A38,[3]Rates!$A$1:$R$65536,14,FALSE),0) -> 0 | J38: =$E38*I38 -> 0 | L38: =J38-G38 -> 0 | M38: =IF((G38)=0,"",(L38/G38))
F39: =IF($A39<>"",VLOOKUP($A39,[3]Rates!$A$1:$R$65536,12,FALSE),0) -> 0 | G39: =E39*F39 -> 0 | I39: =IF($A39<>"",VLOOKUP($A39,[3]Rates!$A$1:$R$65536,14,FALSE),0) -> 0 | J39: =$E39*I39 -> 0 | L39: =J39-G39 -> 0 | M39: =IF((G39)=0,"",(L39/G39))
B40: Sub-Total A (excluding pass through) | G40: =SUM(G23:G39) -> 16562.33 | J40: =SUM(J23:J39) -> 17893.31 | L40: =J40-G40 -> 1330.98 | M40: =IF((G40)=0,"",(L40/G40)) -> 0.080361881
A41: =[3]Rates!$A$122 -> RAL14_LU | D41: per kW | E41: =$F$18 -> 7350 | G41: =E41*F41 -> 0 | I41: =IF($A41<>"",VLOOKUP($A41,[3]Rates!$A$1:$R$65536,14,FALSE),0) -> 0 | J41: =$E41*I41 -> 0 | L41: =J41-G41 -> 0 | M41: =IF((G41)=0,"",(L41/G41))
A42: =[3]Rates!$A126 -> RAL16_LU | B42: =[3]Rates!$B126 -> Disposition of Deferral/Variance Accounts (2016) | D42: per kW | E42: =$F$18 -> 7350 | F42: =IF($A42<>"",VLOOKUP($A42,[3]Rates!$A$1:$R$65536,12,FALSE),0) -> 0 | G42: =E42*F42 -> 0 | I42: =IF($A42<>"",VLOOKUP($A42,[3]Rates!$A$1:$R$65536,14,FALSE),0) -> 0.1584 | J42: =$E42*I42 -> 1164.24 | L42: =J42-G42 -> 1164.24 | M42: =IF((G42)=0,"",(L42/G42))
A43: =[3]Rates!$A127 -> RALP16_LU | B43: =[3]Rates!$B127 -> Disposition of Deferral/Variance Accounts - Power (2016) | D43: per kW | E43: =$F$18 -> 7350 | F43: =IF($A43<>"",VLOOKUP($A43,[3]Rates!$A$1:$R$65536,12,FALSE),0) -> 0 | G43: =E43*F43 -> 0 | I43: =IF($A43<>"",VLOOKUP($A43,[3]Rates!$A$1:$R$65536,14,FALSE),0) -> -0.1659 | J43: =$E43*I43 -> -1219.365 | L43: =J43-G43 -> -1219.365 | M43: =IF((G43)=0,"",(L43/G43))
A44: =[3]Rates!$A128 -> GA16_LU | B44: =[3]Rates!$B128 -> Disposition of Deferral/Variance Accounts - Power - Global Adjustment (2016) | D44: per kW | E44: =$F$18 -> 7350 | F44: =IF($A44<>"",VLOOKUP($A44,[3]Rates!$A$1:$R$65536,12,FALSE),0) -> 0 | G44: =E44*F44 -> 0 | I44: =IF($A44<>"",VLOOKUP($A44,[3]Rates!$A$1:$R$65536,14,FALSE),0) -> 0 | J44: =$E44*I44 -> 0 | L44: =J44-G44 -> 0 | M44: =IF((G44)=0,"",(L44/G44))
F45: =IF($A45<>"",VLOOKUP($A45,[3]Rates!$A$1:$R$65536,12,FALSE),0) -> 0 | I45: =IF($A45<>"",VLOOKUP($A45,[3]Rates!$A$1:$R$65536,14,FALSE),0) -> 0
F46: =IF($A46<>"",VLOOKUP($A46,[3]Rates!$A$1:$R$65536,12,FALSE),0) -> 0 | I46: =IF($A46<>"",VLOOKUP($A46,[3]Rates!$A$1:$R$65536,14,FALSE),0) -> 0
A47: =[3]Rates!$A$119 -> LV_LU | B47: Low Voltage Service Charge | D47: per kW | E47: =$F$18 -> 7350 | F47: =IF($A47<>"",VLOOKUP($A47,[3]Rates!$A$1:$R$65536,12,FALSE),0) -> 0.1437 | G47: =E47*F47 -> 1056.195 | I47: =IF($A47<>"",VLOOKUP($A47,[3]Rates!$A$1:$R$65536,14,FALSE),0) -> 0.1437 | J47: =$E47*I47 -> 1056.195 | L47: =J47-G47 -> 0 | M47: =IF((G47)=0,"",(L47/G47)) -> 0
B48: Line Losses on Cost of Power | E48: =$F$17*(1+$F$77)-$F$17 -> 96600 | G48: =E48*F48 -> 0 | H48: =$F$17*(1+$O$77)-$F$17 -> 0 | J48: =$H48*I48 -> 0 | L48: =J48-G48 -> 0 | M48: =IF((G48)=0,"",(L48/G48))
G49: =E49*F49 -> 0 | L49: =J49-G49 -> 0
B50: Sub-Total B - Distribution (includes Sub-Total A) | G50: =SUM(G41:G49)+G40 -> 17618.525 | J50: =SUM(J41:J49)+J40 -> 18894.38 | L50: =J50-G50 -> 1275.855 | M50: =IF((G50)=0,"",(L50/G50)) -> 0.07241554
A51: =[3]Rates!$A$136 -> TN_LU | B51: RTSR - Network | D51: per kW | E51: =F18 -> 7350 | F51: =IF($A51<>"",VLOOKUP($A51,[3]Rates!$A$1:$R$65536,12,FALSE),0) -> 3.4638 | G51: =E51*F51 -> 25458.93 | H51: =E51 -> 7350 | I51: =IF($A51<>"",VLOOKUP($A51,[3]Rates!$A$1:$R$65536,14,FALSE),0) -> 3.4638 | J51: =$H51*I51 -> 25458.93 | L51: =J51-G51 -> 0 | M51: =IF((G51)=0,"",(L51/G51)) -> 0
A52: =[3]Rates!$A$137 -> TC_LU | B52: RTSR - Line and Transformation Connection | D52: per kW | E52: =E51 -> 7350 | F52: =IF($A52<>"",VLOOKUP($A52,[3]Rates!$A$1:$R$65536,12,FALSE),0) -> 1.2027 | G52: =E52*F52 -> 8839.845 | H52: =E52 -> 7350 | I52: =IF($A52<>"",VLOOKUP($A52,[3]Rates!$A$1:$R$65536,14,FALSE),0) -> 1.2027 | J52: =$H52*I52 -> 8839.845 | L52: =J52-G52 -> 0 | M52: =IF((G52)=0,"",(L52/G52)) -> 0
B53: Sub-Total C - Delivery (including Sub-Total B) | G53: =SUM(G50:G52) -> 51917.3 | J53: =SUM(J50:J52) -> 53193.155 | L53: =J53-G53 -> 1275.855 | M53: =IF((G53)=0,"",(L53/G53)) -> 0.024574756
B54: Wholesale Market Service Charge (WMSC) | D54: per kWh | E54: =F17+E48 -> 2896600 | F54: 0.0036 | G54: =E54*F54 -> 10427.76 | H54: =F$17*(1+O$77) -> 2800000 | I54: 0.0036 | J54: =$E54*I54 -> 10427.76 | L54: =J54-G54 -> 0 | M54: =IF((G54)=0,"",(L54/G54)) -> 0
B55: Rural and Remote Rate Protection (RRRP) | D55: per kWh | E55: =E54 -> 2896600 | F55: 0.0013 | G55: =E55*F55 -> 3765.58 | H55: =F$17*(1+O$77) -> 2800000 | I55: 0.0013 | J55: =$E55*I55 -> 3765.58 | L55: =J55-G55 -> 0 | M55: =IF((G55)=0,"",(L55/G55)) -> 0
B56: Standard Supply Service Charge | D56: Monthly | E56: 1 | F56: 0.25 | G56: =E56*F56 -> 0.25 | I56: 0.25 | J56: =$E56*I56 -> 0.25 | L56: =J56-G56 -> 0 | M56: =IF((G56)=0,"",(L56/G56)) -> 0
B57: Debt Retirement Charge (DRC) | D57: per kWh | E57: =F17 -> 2800000 | F57: 0.007 | G57: =E57*F57 -> 19600 | I57: 0.007 | J57: =$E57*I57 -> 19600 | L57: =J57-G57 -> 0 | M57: =IF((G57)=0,"",(L57/G57)) -> 0
B58: TOU - Off Peak | D58: per kWh | E58: =0.64*$F$17+E48*0.64 -> 1853824 | F58: =Residential!F55 -> 0.087 | G58: =E58*F58 -> 161282.69 | H58: =0.64*$F$17+H48*0.64 -> 1792000 | I58: =F58 -> 0.087 | J58: =$E58*I58 -> 161282.69 | L58: =J58-G58 -> 0 | M58: =IF((G58)=0,"",(L58/G58)) -> 0
B59: TOU - Mid Peak | D59: per kWh | E59: =0.18*$F$17+E48*0.18 -> 521388 | F59: =Residential!F56 -> 0.132 | G59: =E59*F59 -> 68823.216 | H59: =0.18*$F$17+H48*0.18 -> 504000 | I59: =F59 -> 0.132 | J59: =$E59*I59 -> 68823.216 | L59: =J59-G59 -> 0 | M59: =IF((G59)=0,"",(L59/G59)) -> 0
B60: TOU - On Peak | D60: per kWh | E60: =0.18*$F$17+E48*0.18 -> 521388 | F60: =Residential!F57 -> 0.18 | G60: =E60*F60 -> 93849.84 | H60: =0.18*$F$17+H48*0.18 -> 504000 | I60: =F60 -> 0.18 | J60: =$E60*I60 -> 93849.84 | L60: =J60-G60 -> 0 | M60: =IF((G60)=0,"",(L60/G60)) -> 0
B61: OESP Charge | D61: per kWh | E61: =F17 -> 2800000 | F61: 0.0011 | G61: =E61*F61 -> 3080 | I61: 0.0011 | J61: =$E61*I61 -> 3080 | L61: =J61-G61 -> 0 | M61: =IF((G61)=0,"",(L61/G61)) -> 0
G62: =E62*F62 -> 0 | I62: =F62 -> 0 | J62: =$E62*I62 -> 0 | L62: =J62-G62 -> 0 | M62: =IF((G62)=0,"",(L62/G62))
B64: Total Bill on TOU (before Taxes) | G64: =SUM(G54:G61,G53) -> 412746.63 | J64: =SUM(J54:J61,J53) -> 414022.49 | L64: =J64-G64 -> 1275.855 | M64: =IF((G64)=0,"",(L64/G64)) -> 0.0030911336
B65: HST | F65: 0.13 | G65: =G64*F65 -> 53657.062 | I65: 0.13 | J65: =J64*I65 -> 53822.924 | L65: =J65-G65 -> 165.86115 | M65: =IF((G65)=0,"",(L65/G65)) -> 0.0030911336
B66: Total Bill (including HST) | G66: =G64+G65 -> 466403.7 | J66: =J64+J65 -> 467845.41 | L66: =J66-G66 -> 1441.7161 | M66: =IF((G66)=0,"",(L66/G66)) -> 0.0030911336
B67: Ontario Clean Energy Benefit 1 | L67: =J67-G67 -> 0 | M67: =IF((G67)=0,"",(L67/G67))
B68: Total Bill on TOU (including OCEB) | G68: =G66+G67 -> 466403.7 | J68: =J66+J67 -> 467845.41 | L68: =J68-G68 -> 1441.7161 | M68: =IF((G68)=0,"",(L68/G68)) -> 0.0030911336
B70: Total Bill on RPP (before Taxes) | G70: =SUM(G61:G62,G53,G54:G57) -> 88790.89 | J70: =SUM(J61:J62,J53,J54:J57) -> 90066.745 | L70: =J70-G70 -> 1275.855 | M70: =IF((G70)=0,"",(L70/G70)) -> 0.014369211
B71: HST | F71: 0.13 | G71: =G70*F71 -> 11542.816 | I71: 0.13 | J71: =J70*I71 -> 11708.677 | L71: =J71-G71 -> 165.86115 | M71: =IF((G71)=0,"",(L71/G71)) -> 0.014369211
B72: Total Bill (including HST) | G72: =G70+G71 -> 100333.71 | J72: =J70+J71 -> 101775.42 | L72: =J72-G72 -> 1441.7162 | M72: =IF((G72)=0,"",(L72/G72)) -> 0.014369211
B73: Ontario Clean Energy Benefit 1 | L73: =J73-G73 -> 0 | M73: =IF((G73)=0,"",(L73/G73))
B74: Total Bill on RPP (including OCEB) | G74: =SUM(G72:G73) -> 100333.71 | J74: =SUM(J72:J73) -> 101775.42 | L74: =J74-G74 -> 1441.7162 | M74: =IF((G74)=0,"",(L74/G74)) -> 0.014369211
B77: Loss Factor (%) | F77: 0.0345 | I77: 0.0345
A79: 1 Applicable to eligible customers only. Refer to the Ontario Clean Energy Benefit Act, 2010.
A81: Note that the "Charge $" columns provide breakdowns of the amounts that each bill component contributes to the total monthly bill at the referenced
A82: consumption level at existing and proposed rates.
A84: Applicants must provide bill impacts for residential at 800 kWh and GS<50kW at 2000 kWh. In addition, their filing must cover the range that is relevant
A85: to their service territory, class by class. A general guideline of consumption levels follows:
A87: Residential (kWh) - 100, 250, 500, 800, 1000, 1500, 2000
A88: GS<50kW (kWh) - 1000, 2000, 5000, 10000, 15000
A89: GS>50kW (kW) - 60, 100, 500, 1000
A90: Large User - range appropriate for utility
A91: Lighting Classes and USL - 150 kWh and 1 kW, range appropriate for utility.
B93: Note that cells with the highlighted color shown to the left indicate quantities that are loss adjusted.

Sheet USL
O1: May 1 - Oct 31 | P1: 1 | R1: 2
O2: Nov 1 - Apr 30 | P2: 2
B10: Appendix 2-W
B11: Bill Impacts - Unmetered Scattered Load
B14: Customer Class: | D14: USL
B16: TOU / non-TOU: | D16: TOU
D18: Consumption | F18: 150
F20: 2015 Current Board-Approved | I20: =Residential!I20 -> 2016 | L20: =Residential!L20 -> Impact 2016 vs. 2015
D21: Charge Unit | E21: Volume | F21: Rate | G21: Charge | I21: Rate | J21: Charge | L21: $ Change | M21: % Change
F22: ($) | G22: ($) | I22: ($) | J22: ($)
A23: =[3]Rates!$A$141 -> Fix_USL | B23: Monthly Service Charge | D23: Monthly | E23: 1 | F23: =IF($A23<>"",VLOOKUP($A23,[3]Rates!$A$1:$R$65536,12,FALSE),0) -> 7.01 | G23: =E23*F23 -> 7.01 | I23: =IF($A23<>"",VLOOKUP($A23,[3]Rates!$A$1:$R$65536,14,FALSE),0) -> 7.14 | J23: =$E23*I23 -> 7.14 | L23: =J23-G23 -> 0.13 | M23: =IF((G23)=0,"",(L23/G23)) -> 0.018544936
B24: Smart Meter Rate Adder | D24: Monthly | E24: 1 | F24: =IF($A24<>"",VLOOKUP($A24,[3]Rates!$A$1:$R$65536,12,FALSE),0) -> 0 | G24: =E24*F24 -> 0 | I24: =IF($A24<>"",VLOOKUP($A24,[3]Rates!$A$1:$R$65536,14,FALSE),0) -> 0 | J24: =$E24*I24 -> 0 | L24: =J24-G24 -> 0 | M24: =IF((G24)=0,"",(L24/G24))
A25: =[3]Rates!$A$143 -> PPE_USL | B25: Recovery of CGAAP/CWIP Differential | D25: Monthly | E25: 1 | F25: =IF($A25<>"",VLOOKUP($A25,[3]Rates!$A$1:$R$65536,12,FALSE),0) -> 0.11 | G25: =E25*F25 -> 0.11 | I25: =IF($A25<>"",VLOOKUP($A25,[3]Rates!$A$1:$R$65536,14,FALSE),0) -> 0.11 | J25: =$E25*I25 -> 0.11 | L25: =J25-G25 -> 0 | M25: =IF((G25)=0,"",(L25/G25)) -> 0
A26: =[3]Rates!$A$144 -> ICMF_USL | B26: ICM Rate Rider (2014) | D26: Monthly | E26: 1 | F26: =IF($A26<>"",VLOOKUP($A26,[3]Rates!$A$1:$R$65536,12,FALSE),0) -> 0.04 | G26: =E26*F26 -> 0.04 | I26: =IF($A26<>"",VLOOKUP($A26,[3]Rates!$A$1:$R$65536,14,FALSE),0) -> 0.04 | J26: =$E26*I26 -> 0.04 | L26: =J26-G26 -> 0 | M26: =IF((G26)=0,"",(L26/G26)) -> 0
A27: FR_USL | B27: Forgone Revenue Rate Rider - Fixed Component (2016) | D27: Monthly | E27: 1 | F27: =IF($A27<>"",VLOOKUP($A27,[3]Rates!$A$1:$R$65536,12,FALSE),0) -> 0 | G27: =E27*F27 -> 0 | I27: =IF($A27<>"",VLOOKUP($A27,[3]Rates!$A$1:$R$65536,14,FALSE),0) -> 0.39 | J27: =$E27*I27 -> 0.39 | L27: =J27-G27 -> 0.39 | M27: =IF((G27)=0,"",(L27/G27))
E28: 1 | F28: =IF($A28<>"",VLOOKUP($A28,[3]Rates!$A$1:$R$65536,12,FALSE),0) -> 0 | G28: =E28*F28 -> 0 | I28: =IF($A28<>"",VLOOKUP($A28,[3]Rates!$A$1:$R$65536,14,FALSE),0) -> 0 | J28: =$E28*I28 -> 0 | L28: =J28-G28 -> 0 | M28: =IF((G28)=0,"",(L28/G28))
A29: =[3]Rates!$A$146 -> Var_USL | B29: Distribution Volumetric Rate | D29: per kWh | E29: =$F$18 -> 150 | F29: =IF($A29<>"",VLOOKUP($A29,[3]Rates!$A$1:$R$65536,12,FALSE),0) -> 0.0159 | G29: =E29*F29 -> 2.385 | I29: =IF($A29<>"",VLOOKUP($A29,[3]Rates!$A$1:$R$65536,14,FALSE),0) -> 0.0162 | J29: =$E29*I29 -> 2.43 | L29: =J29-G29 -> 0.045 | M29: =IF((G29)=0,"",(L29/G29)) -> 0.018867925
B30: Smart Meter Disposition Rider | D30: per kWh | E30: =$F$18 -> 150 | F30: =IF($A30<>"",VLOOKUP($A30,[3]Rates!$A$1:$R$65536,12,FALSE),0) -> 0 | G30: =E30*F30 -> 0 | I30: =IF($A30<>"",VLOOKUP($A30,[3]Rates!$A$1:$R$65536,14,FALSE),0) -> 0 | J30: =$E30*I30 -> 0 | L30: =J30-G30 -> 0 | M30: =IF((G30)=0,"",(L30/G30))
A31: FRV_USL | B31: Forgone Revenue Rate Rider - Variable Component (2016) | D31: per kWh | E31: =$F$18 -> 150 | F31: =IF($A31<>"",VLOOKUP($A31,[3]Rates!$A$1:$R$65536,12,FALSE),0) -> 0 | G31: =E31*F31 -> 0 | I31: =IF($A31<>"",VLOOKUP($A31,[3]Rates!$A$1:$R$65536,14,FALSE),0) -> 0.0009 | J31: =$E31*I31 -> 0.135 | L31: =J31-G31 -> 0.135 | M31: =IF((G31)=0,"",(L31/G31))
A32: =[3]Rates!$A$152 -> ICMV_USL | B32: ICM Rate Rider (2014) | D32: per kWh | E32: =$F$18 -> 150 | F32: =IF($A32<>"",VLOOKUP($A32,[3]Rates!$A$1:$R$65536,12,FALSE),0) -> 0.0001 | G32: =E32*F32 -> 0.015 | I32: =IF($A32<>"",VLOOKUP($A32,[3]Rates!$A$1:$R$65536,14,FALSE),0) -> 0.0001 | J32: =$E32*I32 -> 0.015 | L32: =J32-G32 -> 0 | M32: =IF((G32)=0,"",(L32/G32)) -> 0
A33: =[3]Rates!$A157 -> 2RAL16_USL | B33: =[3]Rates!$B157 -> Disposition of Deferral/Variance Accounts - Group 2 Accounts (2016) | D33: per kWh | E33: =$F$18 -> 150 | F33: =IF($A33<>"",VLOOKUP($A33,[3]Rates!$A$1:$R$65536,12,FALSE),0) -> 0 | G33: =E33*F33 -> 0 | I33: =IF($A33<>"",VLOOKUP($A33,[3]Rates!$A$1:$R$65536,14,FALSE),0) -> 0.0002 | J33: =$E33*I33 -> 0.03 | L33: =J33-G33 -> 0.03 | M33: =IF((G33)=0,"",(L33/G33))
A34: =[3]Rates!$A158 -> LRVA16_USL | B34: =[3]Rates!$B158 -> Lost Revenue Adjustment Mechanism Variance Account (LRAMVA) (2016) | D34: per kWh | E34: =$F$18 -> 150 | F34: =IF($A34<>"",VLOOKUP($A34,[3]Rates!$A$1:$R$65536,12,FALSE),0) -> 0 | G34: =E34*F34 -> 0 | I34: =IF($A34<>"",VLOOKUP($A34,[3]Rates!$A$1:$R$65536,14,FALSE),0) -> -0.0002 | J34: =$E34*I34 -> -0.03 | L34: =J34-G34 -> -0.03 | M34: =IF((G34)=0,"",(L34/G34))
A35: =[3]Rates!$A159 -> PPE16_USL | B35: =[3]Rates!$B159 -> Account 1575 (2016) | D35: per kWh | E35: =$F$18 -> 150 | F35: =IF($A35<>"",VLOOKUP($A35,[3]Rates!$A$1:$R$65536,12,FALSE),0) -> 0 | G35: =E35*F35 -> 0 | I35: =IF($A35<>"",VLOOKUP($A35,[3]Rates!$A$1:$R$65536,14,FALSE),0) -> 0 | J35: =$E35*I35 -> 0 | L35: =J35-G35 -> 0 | M35: =IF((G35)=0,"",(L35/G35))
A36: =[3]Rates!$A160 -> SG16_USL | B36: =[3]Rates!$B160 -> Smart Grid True-up (2016) | D36: Monthly | E36: 1 | F36: =IF($A36<>"",VLOOKUP($A36,[3]Rates!$A$1:$R$65536,12,FALSE),0) -> 0 | G36: =E36*F36 -> 0 | I36: =IF($A36<>"",VLOOKUP($A36,[3]Rates!$A$1:$R$65536,14,FALSE),0) -> -0.02 | J36: =$E36*I36 -> -0.02 | L36: =J36-G36 -> -0.02 | M36: =IF((G36)=0,"",(L36/G36))
F37: =IF($A37<>"",VLOOKUP($A37,[3]Rates!$A$1:$R$65536,12,FALSE),0) -> 0 | G37: =E37*F37 -> 0 | I37: =IF($A37<>"",VLOOKUP($A37,[3]Rates!$A$1:$R$65536,14,FALSE),0) -> 0 | J37: =$E37*I37 -> 0 | L37: =J37-G37 -> 0 | M37: =IF((G37)=0,"",(L37/G37))
F38: =IF($A38<>"",VLOOKUP($A38,[3]Rates!$A$1:$R$65536,12,FALSE),0) -> 0 | G38: =E38*F38 -> 0 | I38: =IF($A38<>"",VLOOKUP($A38,[3]Rates!$A$1:$R$65536,14,FALSE),0) -> 0 | J38: =$E38*I38 -> 0 | L38: =J38-G38 -> 0 | M38: =IF((G38)=0,"",(L38/G38))
B39: Sub-Total A (excluding pass through) | G39: =SUM(G23:G38) -> 9.56 | J39: =SUM(J23:J38) -> 10.24 | L39: =J39-G39 -> 0.68 | M39: =IF((G39)=0,"",(L39/G39)) -> 0.071129707
A40: =[3]Rates!$A$150 -> RAL14_USL | D40: per kWh | E40: =$F$18 -> 150 | G40: =E40*F40 -> 0 | I40: =IF($A40<>"",VLOOKUP($A40,[3]Rates!$A$1:$R$65536,14,FALSE),0) -> 0 | J40: =$E40*I40 -> 0 | L40: =J40-G40 -> 0 | M40: =IF((G40)=0,"",(L40/G40))
A41: =[3]Rates!$A154 -> RAL16_USL | B41: =[3]Rates!$B154 -> Disposition of Deferral/Variance Accounts (2016) | D41: per kWh | E41: =$F$18 -> 150 | F41: =IF($A41<>"",VLOOKUP($A41,[3]Rates!$A$1:$R$65536,12,FALSE),0) -> 0 | G41: =E41*F41 -> 0 | I41: =IF($A41<>"",VLOOKUP($A41,[3]Rates!$A$1:$R$65536,14,FALSE),0) -> 0.0003 | J41: =$E41*I41 -> 0.045 | L41: =J41-G41 -> 0.045 | M41: =IF((G41)=0,"",(L41/G41))
A42: =[3]Rates!$A155 -> RALP16_USL | B42: =[3]Rates!$B155 -> Disposition of Deferral/Variance Accounts - Power (2016) | D42: per kWh | E42: =$F$18 -> 150 | F42: =IF($A42<>"",VLOOKUP($A42,[3]Rates!$A$1:$R$65536,12,FALSE),0) -> 0 | G42: =E42*F42 -> 0 | I42: =IF($A42<>"",VLOOKUP($A42,[3]Rates!$A$1:$R$65536,14,FALSE),0) -> -0.0003 | J42: =$E42*I42 -> -0.045 | L42: =J42-G42 -> -0.045 | M42: =IF((G42)=0,"",(L42/G42))
F43: =IF($A43<>"",VLOOKUP($A43,[3]Rates!$A$1:$R$65536,12,FALSE),0) -> 0 | G43: =E43*F43 -> 0 | I43: =IF($A43<>"",VLOOKUP($A43,[3]Rates!$A$1:$R$65536,14,FALSE),0) -> 0 | J43: =$E43*I43 -> 0 | L43: =J43-G43 -> 0 | M43: =IF((G43)=0,"",(L43/G43))
F44: =IF($A44<>"",VLOOKUP($A44,[3]Rates!$A$1:$R$65536,12,FALSE),0) -> 0 | I44: =IF($A44<>"",VLOOKUP($A44,[3]Rates!$A$1:$R$65536,14,FALSE),0) -> 0
F45: =IF($A45<>"",VLOOKUP($A45,[3]Rates!$A$1:$R$65536,12,FALSE),0) -> 0 | I45: =IF($A45<>"",VLOOKUP($A45,[3]Rates!$A$1:$R$65536,14,FALSE),0) -> 0
A46: =[3]Rates!$A$147 -> LV_USL | B46: Low Voltage Service Charge | D46: per kWh | E46: =$F$18 -> 150 | F46: =IF($A46<>"",VLOOKUP($A46,[3]Rates!$A$1:$R$65536,12,FALSE),0) -> 0.0003 | G46: =E46*F46 -> 0.045 | I46: =IF($A46<>"",VLOOKUP($A46,[3]Rates!$A$1:$R$65536,14,FALSE),0) -> 0.0003 | J46: =$E46*I46 -> 0.045 | L46: =J46-G46 -> 0 | M46: =IF((G46)=0,"",(L46/G46)) -> 0
B47: Line Losses on Cost of Power | E47: =$F$18*(1+$F$76)-$F$18 -> 5.175 | G47: =E47*F47 -> 0 | H47: =$F$18*(1+$O$76)-$F$18 -> 0 | J47: =$H47*I47 -> 0 | L47: =J47-G47 -> 0 | M47: =IF((G47)=0,"",(L47/G47))
J48: =$E48*I48 -> 0 | L48: =J48-G48 -> 0
B49: Sub-Total B - Distribution (includes Sub-Total A) | G49: =SUM(G40:G48)+G39 -> 9.605 | J49: =SUM(J40:J48)+J39 -> 10.285 | L49: =J49-G49 -> 0.68 | M49: =IF((G49)=0,"",(L49/G49)) -> 0.07079646
A50: =[3]Rates!$A$164 -> TN_USL | B50: RTSR - Network | D50: per kWh | E50: =F18*(1+F76) -> 155.175 | F50: =IF($A50<>"",VLOOKUP($A50,[3]Rates!$A$1:$R$65536,12,FALSE),0) -> 0.0072 | G50: =E50*F50 -> 1.11726 | H50: =F18*(1+O76) -> 150 | I50: =IF($A50<>"",VLOOKUP($A50,[3]Rates!$A$1:$R$65536,14,FALSE),0) -> 0.0072 | J50: =$E50*I50 -> 1.11726 | L50: =J50-G50 -> 0 | M50: =IF((G50)=0,"",(L50/G50)) -> 0
A51: =[3]Rates!$A$165 -> TC_USL | B51: RTSR - Line and Transformation Connection | D51: per kWh | E51: =E50 -> 155.175 | F51: =IF($A51<>"",VLOOKUP($A51,[3]Rates!$A$1:$R$65536,12,FALSE),0) -> 0.0034 | G51: =E51*F51 -> 0.527595 | H51: =H50 -> 150 | I51: =IF($A51<>"",VLOOKUP($A51,[3]Rates!$A$1:$R$65536,14,FALSE),0) -> 0.0034 | J51: =$E51*I51 -> 0.527595 | L51: =J51-G51 -> 0 | M51: =IF((G51)=0,"",(L51/G51)) -> 0
B52: Sub-Total C - Delivery (including Sub-Total B) | G52: =SUM(G49:G51) -> 11.249855 | J52: =SUM(J49:J51) -> 11.929855 | L52: =J52-G52 -> 0.68 | M52: =IF((G52)=0,"",(L52/G52)) -> 0.060445224
B53: Wholesale Market Service Charge (WMSC) | D53: per kWh | E53: =E51 -> 155.175 | F53: 0.0036 | G53: =E53*F53 -> 0.55863 | H53: =H51 -> 150 | I53: 0.0036 | J53: =$E53*I53 -> 0.55863 | L53: =J53-G53 -> 0 | M53: =IF((G53)=0,"",(L53/G53)) -> 0
B54: Rural and Remote Rate Protection (RRRP) | D54: per kWh | E54: =E51 -> 155.175 | F54: 0.0013 | G54: =E54*F54 -> 0.2017275 | H54: =H51 -> 150 | I54: 0.0013 | J54: =$E54*I54 -> 0.2017275 | L54: =J54-G54 -> 0 | M54: =IF((G54)=0,"",(L54/G54)) -> 0
B55: Standard Supply Service Charge | D55: Monthly | E55: 1 | F55: 0.25 | G55: =E55*F55 -> 0.25 | I55: 0.25 | J55: =$E55*I55 -> 0.25 | L55: =J55-G55 -> 0 | M55: =IF((G55)=0,"",(L55/G55)) -> 0
B56: Debt Retirement Charge (DRC) | D56: per kWh | E56: =F18 -> 150 | F56: 0.007 | G56: =E56*F56 -> 1.05 | I56: 0.007 | J56: =$E56*I56 -> 1.05 | L56: =J56-G56 -> 0 | M56: =IF((G56)=0,"",(L56/G56)) -> 0
B57: TOU - Off Peak | D57: per kWh | E57: =0.64*$F$18+E47*0.64 -> 99.312 | F57: =Residential!F55 -> 0.087 | G57: =E57*F57 -> 8.640144 | H57: =0.64*$F$18+H47*0.64 -> 96 | I57: =F57 -> 0.087 | J57: =$E57*I57 -> 8.640144 | L57: =J57-G57 -> 0 | M57: =IF((G57)=0,"",(L57/G57)) -> 0
B58: TOU - Mid Peak | D58: per kWh | E58: =0.18*$F$18+E47*0.18 -> 27.9315 | F58: =Residential!F56 -> 0.132 | G58: =E58*F58 -> 3.686958 | H58: =0.18*$F$18+H47*0.18 -> 27 | I58: =F58 -> 0.132 | J58: =$E58*I58 -> 3.686958 | L58: =J58-G58 -> 0 | M58: =IF((G58)=0,"",(L58/G58)) -> 0
B59: TOU - On Peak | D59: per kWh | E59: =0.18*$F$18+E47*0.18 -> 27.9315 | F59: =Residential!F57 -> 0.18 | G59: =E59*F59 -> 5.02767 | H59: =0.18*$F$18+H47*0.18 -> 27 | I59: =F59 -> 0.18 | J59: =$E59*I59 -> 5.02767 | L59: =J59-G59 -> 0 | M59: =IF((G59)=0,"",(L59/G59)) -> 0
B60: OESP Charge | D60: per kWh | E60: =F18 -> 150 | F60: 0.0011 | G60: =E60*F60 -> 0.165 | I60: 0.0011 | J60: =$E60*I60 -> 0.165 | L60: =J60-G60 -> 0 | M60: =IF((G60)=0,"",(L60/G60)) -> 0
G61: =E61*F61 -> 0 | I61: =F61 -> 0 | J61: =$E61*I61 -> 0 | L61: =J61-G61 -> 0 | M61: =IF((G61)=0,"",(L61/G61))
B63: Total Bill on TOU (before Taxes) | G63: =SUM(G53:G60,G52) -> 30.829984 | J63: =SUM(J53:J60,J52) -> 31.509984 | L63: =J63-G63 -> 0.68 | M63: =IF((G63)=0,"",(L63/G63)) -> 0.02205645
B64: HST | F64: 0.13 | G64: =G63*F64 -> 4.007898 | I64: 0.13 | J64: =J63*I64 -> 4.096298 | L64: =J64-G64 -> 0.0884 | M64: =IF((G64)=0,"",(L64/G64)) -> 0.02205645
B65: Total Bill (including HST) | G65: =G63+G64 -> 34.837882 | J65: =J63+J64 -> 35.606282 | L65: =J65-G65 -> 0.7684 | M65: =IF((G65)=0,"",(L65/G65)) -> 0.02205645
B66: Ontario Clean Energy Benefit 1 | L66: =J66-G66 -> 0 | M66: =IF((G66)=0,"",(L66/G66))
B67: Total Bill on TOU (including OCEB) | G67: =G65+G66 -> 34.837882 | J67: =J65+J66 -> 35.606282 | L67: =J67-G67 -> 0.7684 | M67: =IF((G67)=0,"",(L67/G67)) -> 0.02205645
B69: Total Bill on RPP (before Taxes) | G69: =SUM(G60:G61,G52,G53:G56) -> 13.475213 | J69: =SUM(J60:J61,J52,J53:J56) -> 14.155213 | L69: =J69-G69 -> 0.68 | M69: =IF((G69)=0,"",(L69/G69)) -> 0.050463026
B70: HST | F70: 0.13 | G70: =G69*F70 -> 1.7517776 | I70: 0.13 | J70: =J69*I70 -> 1.8401776 | L70: =J70-G70 -> 0.0884 | M70: =IF((G70)=0,"",(L70/G70)) -> 0.050463026
B71: Total Bill (including HST) | G71: =G69+G70 -> 15.22699 | J71: =J69+J70 -> 15.99539 | L71: =J71-G71 -> 0.7684 | M71: =IF((G71)=0,"",(L71/G71)) -> 0.050463026
B72: Ontario Clean Energy Benefit 1 | L72: =J72-G72 -> 0 | M72: =IF((G72)=0,"",(L72/G72))
B73: Total Bill on RPP (including OCEB) | G73: =SUM(G71:G72) -> 15.22699 | J73: =SUM(J71:J72) -> 15.99539 | L73: =J73-G73 -> 0.7684 | M73: =IF((G73)=0,"",(L73/G73)) -> 0.050463026
B76: Loss Factor (%) | F76: 0.0345 | I76: 0.0345
B78: 2 Applicable to eligible customers only. Refer to the Ontario Clean Energy Benefit Act, 2010.
B80: Note that the "Charge $" columns provide breakdowns of the amounts that each bill component contributes to the total monthly bill at the referenced
B81: consumption level at existing and proposed rates.
B83: Applicants must provide bill impacts for residential at 800 kWh and GS<50kW at 2000 kWh. In addition, their filing must cover the range that is relevant
B84: to their service territory, class by class. A general guideline of consumption levels follows:
B86: Residential (kWh) - 100, 250, 500, 800, 1000, 1500, 2001
B87: GS<50kW (kWh) - 1000, 2000, 5000, 10000, 15001
B88: GS>50kW (kW) - 60, 100, 500, 1001
B89: Large User - range appropriate for utility
B90: Lighting Classes and USL - 150 kWh and 1 kW, range appropriate for utility.
B92: Note that cells with the highlighted color shown to the left indicate quantities that are loss adjusted.

Sheet Sentinel
O1: May 1 - Oct 31 | P1: 1 | R1: 2
O2: Nov 1 - Apr 30 | P2: 2
B10: Appendix 2-W
B11: Bill Impacts - Sentinel Lighting
B14: Customer Class: | D14: Sentinel
B16: TOU / non-TOU: | D16: TOU
D17: Consumption | F17: 180
D18: Load | F18: 1
F20: 2015 Current Board-Approved | I20: =Residential!I20 -> 2016 | L20: =Residential!L20 -> Impact 2016 vs. 2015
D21: Charge Unit | E21: Volume | F21: Rate | G21: Charge | I21: Rate | J21: Charge | L21: $ Change | M21: % Change
F22: ($) | G22: ($) | I22: ($) | J22: ($)
A23: =[3]Rates!$A$169 -> Fix_SE | B23: Monthly Service Charge | D23: Monthly | E23: 1 | F23: =IF($A23<>"",VLOOKUP($A23,[3]Rates!$A$1:$R$65536,12,FALSE),0) -> 3.41 | G23: =E23*F23 -> 3.41 | I23: =IF($A23<>"",VLOOKUP($A23,[3]Rates!$A$1:$R$65536,14,FALSE),0) -> 3.47 | J23: =$E23*I23 -> 3.47 | L23: =J23-G23 -> 0.06 | M23: =IF((G23)=0,"",(L23/G23)) -> 0.017595308
B24: Smart Meter Rate Adder | D24: Monthly | E24: 1 | F24: =IF($A24<>"",VLOOKUP($A24,[3]Rates!$A$1:$R$65536,12,FALSE),0) -> 0 | G24: =E24*F24 -> 0 | I24: =IF($A24<>"",VLOOKUP($A24,[3]Rates!$A$1:$R$65536,14,FALSE),0) -> 0 | J24: =$E24*I24 -> 0 | L24: =J24-G24 -> 0 | M24: =IF((G24)=0,"",(L24/G24))
A25: =[3]Rates!$A$171 -> PPE_SE | B25: Recovery of CGAAP/CWIP Differential | D25: Monthly | E25: 1 | F25: =IF($A25<>"",VLOOKUP($A25,[3]Rates!$A$1:$R$65536,12,FALSE),0) -> 0.09 | G25: =E25*F25 -> 0.09 | I25: =IF($A25<>"",VLOOKUP($A25,[3]Rates!$A$1:$R$65536,14,FALSE),0) -> 0.09 | J25: =$E25*I25 -> 0.09 | L25: =J25-G25 -> 0 | M25: =IF((G25)=0,"",(L25/G25)) -> 0
A26: =[3]Rates!$A$172 -> ICMF_SE | B26: ICM Rate Rider (2014) | D26: Monthly | E26: 1 | F26: =IF($A26<>"",VLOOKUP($A26,[3]Rates!$A$1:$R$65536,12,FALSE),0) -> 0.02 | G26: =E26*F26 -> 0.02 | I26: =IF($A26<>"",VLOOKUP($A26,[3]Rates!$A$1:$R$65536,14,FALSE),0) -> 0.02 | J26: =$E26*I26 -> 0.02 | L26: =J26-G26 -> 0 | M26: =IF((G26)=0,"",(L26/G26)) -> 0
A27: FR_SE | B27: Forgone Revenue Rate Rider - Fixed Component (2016) | D27: Monthly | E27: 1 | F27: =IF($A27<>"",VLOOKUP($A27,[3]Rates!$A$1:$R$65536,12,FALSE),0) -> 0 | G27: =E27*F27 -> 0 | I27: =IF($A27<>"",VLOOKUP($A27,[3]Rates!$A$1:$R$65536,14,FALSE),0) -> 0.18 | J27: =$E27*I27 -> 0.18 | L27: =J27-G27 -> 0.18 | M27: =IF((G27)=0,"",(L27/G27))
E28: 1 | F28: =IF($A28<>"",VLOOKUP($A28,[3]Rates!$A$1:$R$65536,12,FALSE),0) -> 0 | G28: =E28*F28 -> 0 | I28: =IF($A28<>"",VLOOKUP($A28,[3]Rates!$A$1:$R$65536,14,FALSE),0) -> 0 | J28: =$E28*I28 -> 0 | L28: =J28-G28 -> 0 | M28: =IF((G28)=0,"",(L28/G28))
A29: =[3]Rates!$A$174 -> Var_SE | B29: Distribution Volumetric Rate | D29: per kW | E29: =$F$18 -> 1 | F29: =IF($A29<>"",VLOOKUP($A29,[3]Rates!$A$1:$R$65536,12,FALSE),0) -> 8.0172 | G29: =E29*F29 -> 8.0172 | I29: =IF($A29<>"",VLOOKUP($A29,[3]Rates!$A$1:$R$65536,14,FALSE),0) -> 8.1615 | J29: =$E29*I29 -> 8.1615 | L29: =J29-G29 -> 0.1443 | M29: =IF((G29)=0,"",(L29/G29)) -> 0.017998803
B30: Smart Meter Disposition Rider | D30: per kW | E30: =$F$18 -> 1 | F30: =IF($A30<>"",VLOOKUP($A30,[3]Rates!$A$1:$R$65536,12,FALSE),0) -> 0 | G30: =E30*F30 -> 0 | I30: =IF($A30<>"",VLOOKUP($A30,[3]Rates!$A$1:$R$65536,14,FALSE),0) -> 0 | J30: =$E30*I30 -> 0 | L30: =J30-G30 -> 0 | M30: =IF((G30)=0,"",(L30/G30))
A31: FRV_SE | B31: Forgone Revenue Rate Rider - Variable Component (2016) | D31: per kW | E31: =$F$18 -> 1 | F31: =IF($A31<>"",VLOOKUP($A31,[3]Rates!$A$1:$R$65536,12,FALSE),0) -> 0 | G31: =E31*F31 -> 0 | I31: =IF($A31<>"",VLOOKUP($A31,[3]Rates!$A$1:$R$65536,14,FALSE),0) -> 0.4232 | J31: =$E31*I31 -> 0.4232 | L31: =J31-G31 -> 0.4232 | M31: =IF((G31)=0,"",(L31/G31))
A32: =[3]Rates!$A$180 -> ICMV_SE | B32: ICM Rate Rider (2014) | D32: per kW | E32: =$F$18 -> 1 | F32: =IF($A32<>"",VLOOKUP($A32,[3]Rates!$A$1:$R$65536,12,FALSE),0) -> 0.0416 | G32: =E32*F32 -> 0.0416 | I32: =IF($A32<>"",VLOOKUP($A32,[3]Rates!$A$1:$R$65536,14,FALSE),0) -> 0.0416 | J32: =$E32*I32 -> 0.0416 | L32: =J32-G32 -> 0 | M32: =IF((G32)=0,"",(L32/G32)) -> 0
A33: =[3]Rates!$A185 -> 2RAL16_SE | B33: =[3]Rates!$B185 -> Disposition of Deferral/Variance Accounts - Group 2 Accounts (2016) | D33: per kW | E33: =$F$18 -> 1 | F33: =IF($A33<>"",VLOOKUP($A33,[3]Rates!$A$1:$R$65536,12,FALSE),0) -> 0 | G33: =E33*F33 -> 0 | I33: =IF($A33<>"",VLOOKUP($A33,[3]Rates!$A$1:$R$65536,14,FALSE),0) -> 0.0641 | J33: =$E33*I33 -> 0.0641 | L33: =J33-G33 -> 0.0641 | M33: =IF((G33)=0,"",(L33/G33))
A34: =[3]Rates!$A186 -> LRVA16_SE | B34: =[3]Rates!$B186 -> Lost Revenue Adjustment Mechanism Variance Account (LRAMVA) (2016) | D34: per kW | E34: =$F$18 -> 1 | F34: =IF($A34<>"",VLOOKUP($A34,[3]Rates!$A$1:$R$65536,12,FALSE),0) -> 0 | G34: =E34*F34 -> 0 | I34: =IF($A34<>"",VLOOKUP($A34,[3]Rates!$A$1:$R$65536,14,FALSE),0) -> -0.1678 | J34: =$E34*I34 -> -0.1678 | L34: =J34-G34 -> -0.1678 | M34: =IF((G34)=0,"",(L34/G34))
A35: =[3]Rates!$A187 -> PPE16_SE | B35: =[3]Rates!$B187 -> Account 1575 (2016) | D35: per kW | E35: =$F$18 -> 1 | F35: =IF($A35<>"",VLOOKUP($A35,[3]Rates!$A$1:$R$65536,12,FALSE),0) -> 0 | G35: =E35*F35 -> 0 | I35: =IF($A35<>"",VLOOKUP($A35,[3]Rates!$A$1:$R$65536,14,FALSE),0) -> 0 | J35: =$E35*I35 -> 0 | L35: =J35-G35 -> 0 | M35: =IF((G35)=0,"",(L35/G35))
A36: =[3]Rates!$A188 -> SG16_SE | B36: =[3]Rates!$B188 -> Smart Grid True-up (2016) | D36: Monthly | E36: 1 | F36: =IF($A36<>"",VLOOKUP($A36,[3]Rates!$A$1:$R$65536,12,FALSE),0) -> 0 | G36: =E36*F36 -> 0 | I36: =IF($A36<>"",VLOOKUP($A36,[3]Rates!$A$1:$R$65536,14,FALSE),0) -> -0.01 | J36: =$E36*I36 -> -0.01 | L36: =J36-G36 -> -0.01 | M36: =IF((G36)=0,"",(L36/G36))
F37: =IF($A37<>"",VLOOKUP($A37,[3]Rates!$A$1:$R$65536,12,FALSE),0) -> 0 | G37: =E37*F37 -> 0 | I37: =IF($A37<>"",VLOOKUP($A37,[3]Rates!$A$1:$R$65536,14,FALSE),0) -> 0 | J37: =$E37*I37 -> 0 | L37: =J37-G37 -> 0 | M37: =IF((G37)=0,"",(L37/G37))
F38: =IF($A38<>"",VLOOKUP($A38,[3]Rates!$A$1:$R$65536,12,FALSE),0) -> 0 | G38: =E38*F38 -> 0 | I38: =IF($A38<>"",VLOOKUP($A38,[3]Rates!$A$1:$R$65536,14,FALSE),0) -> 0 | J38: =$E38*I38 -> 0 | L38: =J38-G38 -> 0 | M38: =IF((G38)=0,"",(L38/G38))
B39: Sub-Total A (excluding pass through) | G39: =SUM(G23:G38) -> 11.5788 | J39: =SUM(J23:J38) -> 12.2726 | L39: =J39-G39 -> 0.6938 | M39: =IF((G39)=0,"",(L39/G39)) -> 0.059919854
A40: =[3]Rates!$A$178 -> RAL14_SE | D40: per kW | E40: =$F$18 -> 1 | G40: =E40*F40 -> 0 | I40: =IF($A40<>"",VLOOKUP($A40,[3]Rates!$A$1:$R$65536,14,FALSE),0) -> 0 | J40: =$E40*I40 -> 0 | L40: =J40-G40 -> 0 | M40: =IF((G40)=0,"",(L40/G40))
A41: =[3]Rates!$A182 -> RAL16_SE | B41: =[3]Rates!$B182 -> Disposition of Deferral/Variance Accounts (2016) | D41: per kW | E41: =$F$18 -> 1 | F41: =IF($A41<>"",VLOOKUP($A41,[3]Rates!$A$1:$R$65536,12,FALSE),0) -> 0 | G41: =E41*F41 -> 0 | I41: =IF($A41<>"",VLOOKUP($A41,[3]Rates!$A$1:$R$65536,14,FALSE),0) -> 0.121 | J41: =$E41*I41 -> 0.121 | L41: =J41-G41 -> 0.121 | M41: =IF((G41)=0,"",(L41/G41))
A42: =[3]Rates!$A183 -> RALP16_SE | B42: =[3]Rates!$B183 -> Disposition of Deferral/Variance Accounts - Power (2016) | D42: per kW | E42: =$F$18 -> 1 | F42: =IF($A42<>"",VLOOKUP($A42,[3]Rates!$A$1:$R$65536,12,FALSE),0) -> 0 | G42: =E42*F42 -> 0 | I42: =IF($A42<>"",VLOOKUP($A42,[3]Rates!$A$1:$R$65536,14,FALSE),0) -> -0.1267 | J42: =$E42*I42 -> -0.1267 | L42: =J42-G42 -> -0.1267 | M42: =IF((G42)=0,"",(L42/G42))
F43: =IF($A43<>"",VLOOKUP($A43,[3]Rates!$A$1:$R$65536,12,FALSE),0) -> 0 | G43: =E43*F43 -> 0 | I43: =IF($A43<>"",VLOOKUP($A43,[3]Rates!$A$1:$R$65536,14,FALSE),0) -> 0 | J43: =$E43*I43 -> 0 | L43: =J43-G43 -> 0 | M43: =IF((G43)=0,"",(L43/G43))
F44: =IF($A44<>"",VLOOKUP($A44,[3]Rates!$A$1:$R$65536,12,FALSE),0) -> 0 | I44: =IF($A44<>"",VLOOKUP($A44,[3]Rates!$A$1:$R$65536,14,FALSE),0) -> 0 | J44: =$E44*I44 -> 0 | L44: =J44-G44 -> 0 | M44: =IF((G44)=0,"",(L44/G44))
F45: =IF($A45<>"",VLOOKUP($A45,[3]Rates!$A$1:$R$65536,12,FALSE),0) -> 0 | I45: =IF($A45<>"",VLOOKUP($A45,[3]Rates!$A$1:$R$65536,14,FALSE),0) -> 0 | M45: =IF((G45)=0,"",(L45/G45))
F46: =IF($A46<>"",VLOOKUP($A46,[3]Rates!$A$1:$R$65536,12,FALSE),0) -> 0 | I46: =IF($A46<>"",VLOOKUP($A46,[3]Rates!$A$1:$R$65536,14,FALSE),0) -> 0 | M46: =IF((G46)=0,"",(L46/G46))
A47: =[3]Rates!$A$175 -> LV_SE | B47: Low Voltage Service Charge | D47: per kW | E47: =$F$18 -> 1 | F47: =IF($A47<>"",VLOOKUP($A47,[3]Rates!$A$1:$R$65536,12,FALSE),0) -> 0.1031 | G47: =E47*F47 -> 0.1031 | I47: =IF($A47<>"",VLOOKUP($A47,[3]Rates!$A$1:$R$65536,14,FALSE),0) -> 0.1031 | J47: =$E47*I47 -> 0.1031 | L47: =J47-G47 -> 0 | M47: =IF((G47)=0,"",(L47/G47)) -> 0
B48: Line Losses on Cost of Power | E48: =$F$17*(1+$F$77)-$F$17 -> 6.21 | G48: =E48*F48 -> 0 | H48: =$F$17*(1+$O$77)-$F$17 -> 0 | J48: =$H48*I48 -> 0 | L48: =J48-G48 -> 0 | M48: =IF((G48)=0,"",(L48/G48))
G49: =E49*F49 -> 0 | L49: =J49-G49 -> 0
B50: Sub-Total B - Distribution (includes Sub-Total A) | G50: =SUM(G40:G49)+G39 -> 11.6819 | J50: =SUM(J40:J49)+J39 -> 12.37 | L50: =J50-G50 -> 0.6881 | M50: =IF((G50)=0,"",(L50/G50)) -> 0.058903089
A51: =[3]Rates!$A$192 -> TN_SE | B51: RTSR - Network | D51: per kW | E51: =F18 -> 1 | F51: =IF($A51<>"",VLOOKUP($A51,[3]Rates!$A$1:$R$65536,12,FALSE),0) -> 2.2561 | G51: =E51*F51 -> 2.2561 | H51: 1 | I51: =IF($A51<>"",VLOOKUP($A51,[3]Rates!$A$1:$R$65536,14,FALSE),0) -> 2.2561 | J51: =$E51*I51 -> 2.2561 | L51: =J51-G51 -> 0 | M51: =IF((G51)=0,"",(L51/G51)) -> 0
A52: =[3]Rates!$A$193 -> TC_SE | B52: RTSR - Line and Transformation Connection | D52: per kW | E52: =E51 -> 1 | F52: =IF($A52<>"",VLOOKUP($A52,[3]Rates!$A$1:$R$65536,12,FALSE),0) -> 0.8629 | G52: =E52*F52 -> 0.8629 | H52: 1 | I52: =IF($A52<>"",VLOOKUP($A52,[3]Rates!$A$1:$R$65536,14,FALSE),0) -> 0.8629 | J52: =$E52*I52 -> 0.8629 | L52: =J52-G52 -> 0 | M52: =IF((G52)=0,"",(L52/G52)) -> 0
B53: Sub-Total C - Delivery (including Sub-Total B) | G53: =SUM(G50:G52) -> 14.8009 | J53: =SUM(J50:J52) -> 15.489 | L53: =J53-G53 -> 0.6881 | M53: =IF((G53)=0,"",(L53/G53)) -> 0.046490416
B54: Wholesale Market Service Charge (WMSC) | D54: per kWh | E54: =F17+E48 -> 186.21 | F54: 0.0036 | G54: =E54*F54 -> 0.670356 | H54: =F$17*(1+O$77) -> 180 | I54: 0.0036 | J54: =$E54*I54 -> 0.670356 | L54: =J54-G54 -> 0 | M54: =IF((G54)=0,"",(L54/G54)) -> 0
B55: Rural and Remote Rate Protection (RRRP) | D55: per kWh | E55: =E54 -> 186.21 | F55: 0.0013 | G55: =E55*F55 -> 0.242073 | H55: =F$17*(1+O$77) -> 180 | I55: 0.0013 | J55: =$E55*I55 -> 0.242073 | L55: =J55-G55 -> 0 | M55: =IF((G55)=0,"",(L55/G55)) -> 0
B56: Standard Supply Service Charge | D56: Monthly | E56: 1 | F56: 0.25 | G56: =E56*F56 -> 0.25 | I56: 0.25 | J56: =$E56*I56 -> 0.25 | L56: =J56-G56 -> 0 | M56: =IF((G56)=0,"",(L56/G56)) -> 0
B57: Debt Retirement Charge (DRC) | D57: per kWh | E57: =F17 -> 180 | F57: 0.007 | G57: =E57*F57 -> 1.26 | I57: 0.007 | J57: =$E57*I57 -> 1.26 | L57: =J57-G57 -> 0 | M57: =IF((G57)=0,"",(L57/G57)) -> 0
B58: TOU - Off Peak | D58: per kWh | E58: =0.64*$F$17+E48*0.64 -> 119.1744 | F58: =Residential!F55 -> 0.087 | G58: =E58*F58 -> 10.368173 | H58: =0.64*$F$17+H48*0.64 -> 115.2 | I58: =F58 -> 0.087 | J58: =$E58*I58 -> 10.368173 | L58: =J58-G58 -> 0 | M58: =IF((G58)=0,"",(L58/G58)) -> 0
B59: TOU - Mid Peak | D59: per kWh | E59: =0.18*$F$17+E48*0.18 -> 33.5178 | F59: =Residential!F56 -> 0.132 | G59: =E59*F59 -> 4.4243496 | H59: =0.18*$F$17+H48*0.18 -> 32.4 | I59: =F59 -> 0.132 | J59: =$E59*I59 -> 4.4243496 | L59: =J59-G59 -> 0 | M59: =IF((G59)=0,"",(L59/G59)) -> 0
B60: TOU - On Peak | D60: per kWh | E60: =0.18*$F$17+E48*0.18 -> 33.5178 | F60: =Residential!F57 -> 0.18 | G60: =E60*F60 -> 6.033204 | H60: =0.18*$F$17+H48*0.18 -> 32.4 | I60: =F60 -> 0.18 | J60: =$E60*I60 -> 6.033204 | L60: =J60-G60 -> 0 | M60: =IF((G60)=0,"",(L60/G60)) -> 0
B61: OESP Charge | D61: per kWh | E61: =F17 -> 180 | F61: 0.0011 | G61: =E61*F61 -> 0.198 | I61: 0.0011 | J61: =$E61*I61 -> 0.198 | L61: =J61-G61 -> 0 | M61: =IF((G61)=0,"",(L61/G61)) -> 0
G62: =E62*F62 -> 0 | I62: =F62 -> 0 | J62: =$E62*I62 -> 0 | L62: =J62-G62 -> 0 | M62: =IF((G62)=0,"",(L62/G62))
B64: Total Bill on TOU (before Taxes) | G64: =SUM(G54:G61,G53) -> 38.247055 | J64: =SUM(J54:J61,J53) -> 38.935155 | L64: =J64-G64 -> 0.6881 | M64: =IF((G64)=0,"",(L64/G64)) -> 0.017990927
B65: HST | F65: 0.13 | G65: =G64*F65 -> 4.9721172 | I65: 0.13 | J65: =J64*I65 -> 5.0615702 | L65: =J65-G65 -> 0.089453 | M65: =IF((G65)=0,"",(L65/G65)) -> 0.017990927
B66: Total Bill (including HST) | G66: =G64+G65 -> 43.219173 | J66: =J64+J65 -> 43.996726 | L66: =J66-G66 -> 0.777553 | M66: =IF((G66)=0,"",(L66/G66)) -> 0.017990927
B67: Ontario Clean Energy Benefit 1 | L67: =J67-G67 -> 0 | M67: =IF((G67)=0,"",(L67/G67))
B68: Total Bill on TOU (including OCEB) | G68: =G66+G67 -> 43.219173 | J68: =J66+J67 -> 43.996726 | L68: =J68-G68 -> 0.777553 | M68: =IF((G68)=0,"",(L68/G68)) -> 0.017990927
B70: Total Bill on RPP (before Taxes) | G70: =SUM(G61:G62,G53,G54:G57) -> 17.421329 | J70: =SUM(J61:J62,J53,J54:J57) -> 18.109429 | L70: =J70-G70 -> 0.6881 | M70: =IF((G70)=0,"",(L70/G70)) -> 0.039497561
B71: HST | F71: 0.13 | G71: =G70*F71 -> 2.2647728 | I71: 0.13 | J71: =J70*I71 -> 2.3542258 | L71: =J71-G71 -> 0.089453 | M71: =IF((G71)=0,"",(L71/G71)) -> 0.039497561
B72: Total Bill (including HST) | G72: =G70+G71 -> 19.686102 | J72: =J70+J71 -> 20.463655 | L72: =J72-G72 -> 0.777553 | M72: =IF((G72)=0,"",(L72/G72)) -> 0.039497561
B73: Ontario Clean Energy Benefit 1 | L73: =J73-G73 -> 0 | M73: =IF((G73)=0,"",(L73/G73))
B74: Total Bill on RPP (including OCEB) | G74: =SUM(G72:G73) -> 19.686102 | J74: =SUM(J72:J73) -> 20.463655 | L74: =J74-G74 -> 0.777553 | M74: =IF((G74)=0,"",(L74/G74)) -> 0.039497561
B77: Loss Factor (%) | F77: 0.0345 | I77: 0.0345
A79: 1 Applicable to eligible customers only. Refer to the Ontario Clean Energy Benefit Act, 2010.
A81: Note that the "Charge $" columns provide breakdowns of the amounts that each bill component contributes to the total monthly bill at the referenced
A82: consumption level at existing and proposed rates.
A84: Applicants must provide bill impacts for residential at 800 kWh and GS<50kW at 2000 kWh. In addition, their filing must cover the range that is relevant
A85: to their service territory, class by class. A general guideline of consumption levels follows:
A87: Residential (kWh) - 100, 250, 500, 800, 1000, 1500, 2000
A88: GS<50kW (kWh) - 1000, 2000, 5000, 10000, 15000
A89: GS>50kW (kW) - 60, 100, 500, 1000
A90: Large User - range appropriate for utility
A91: Lighting Classes and USL - 150 kWh and 1 kW, range appropriate for utility.
B93: Note that cells with the highlighted color shown to the left indicate quantities that are loss adjusted.

Sheet SL
O1: May 1 - Oct 31 | P1: 1 | R1: 1
O2: Nov 1 - Apr 30 | P2: 2
B10: Appendix 2-W
B11: Bill Impacts - Street Lighting
B14: Customer Class: | D14: S/L
B16: TOU / non-TOU: | D16: TOU
D17: Consumption | F17: 280
D18: Load | F18: 1
F20: 2015 Current Board-Approved | I20: =Residential!I20 -> 2016 | L20: =Residential!L20 -> Impact 2016 vs. 2015
D21: Charge Unit | E21: Volume | F21: Rate | G21: Charge | I21: Rate | J21: Charge | L21: $ Change | M21: % Change
F22: ($) | G22: ($) | I22: ($) | J22: ($)
A23: =[3]Rates!$A$197 -> Fix_SL | B23: Monthly Service Charge | D23: Monthly | E23: 1 | F23: =IF($A23<>"",VLOOKUP($A23,[3]Rates!$A$1:$R$65536,12,FALSE),0) -> 1.26 | G23: =E23*F23 -> 1.26 | I23: =IF($A23<>"",VLOOKUP($A23,[3]Rates!$A$1:$R$65536,14,FALSE),0) -> 1.28 | J23: =$E23*I23 -> 1.28 | L23: =J23-G23 -> 0.02 | M23: =IF((G23)=0,"",(L23/G23)) -> 0.015873016
B24: Smart Meter Rate Adder | D24: Monthly | E24: 1 | F24: =IF($A24<>"",VLOOKUP($A24,[3]Rates!$A$1:$R$65536,12,FALSE),0) -> 0 | G24: =E24*F24 -> 0 | I24: =IF($A24<>"",VLOOKUP($A24,[3]Rates!$A$1:$R$65536,14,FALSE),0) -> 0 | J24: =$E24*I24 -> 0 | L24: =J24-G24 -> 0 | M24: =IF((G24)=0,"",(L24/G24))
A25: =[3]Rates!$A$199 -> PPE_SL | B25: Recovery of CGAAP/CWIP Differential | D25: Monthly | E25: 1 | F25: =IF($A25<>"",VLOOKUP($A25,[3]Rates!$A$1:$R$65536,12,FALSE),0) -> 0.02 | G25: =E25*F25 -> 0.02 | I25: =IF($A25<>"",VLOOKUP($A25,[3]Rates!$A$1:$R$65536,14,FALSE),0) -> 0.02 | J25: =$E25*I25 -> 0.02 | L25: =J25-G25 -> 0 | M25: =IF((G25)=0,"",(L25/G25)) -> 0
A26: =[3]Rates!$A$200 -> ICMF_SL | B26: ICM Rate Rider (2014) | D26: Monthly | E26: 1 | F26: =IF($A26<>"",VLOOKUP($A26,[3]Rates!$A$1:$R$65536,12,FALSE),0) -> 0.01 | G26: =E26*F26 -> 0.01 | I26: =IF($A26<>"",VLOOKUP($A26,[3]Rates!$A$1:$R$65536,14,FALSE),0) -> 0.01 | J26: =$E26*I26 -> 0.01 | L26: =J26-G26 -> 0 | M26: =IF((G26)=0,"",(L26/G26)) -> 0
A27: FR_SL | B27: Forgone Revenue Rate Rider - Fixed Component (2016) | D27: Monthly | E27: 1 | F27: =IF($A27<>"",VLOOKUP($A27,[3]Rates!$A$1:$R$65536,12,FALSE),0) -> 0 | G27: =E27*F27 -> 0 | I27: =IF($A27<>"",VLOOKUP($A27,[3]Rates!$A$1:$R$65536,14,FALSE),0) -> 0.06 | J27: =$E27*I27 -> 0.06 | L27: =J27-G27 -> 0.06 | M27: =IF((G27)=0,"",(L27/G27))
E28: 1 | F28: =IF($A28<>"",VLOOKUP($A28,[3]Rates!$A$1:$R$65536,12,FALSE),0) -> 0 | G28: =E28*F28 -> 0 | I28: =IF($A28<>"",VLOOKUP($A28,[3]Rates!$A$1:$R$65536,14,FALSE),0) -> 0 | J28: =$E28*I28 -> 0 | L28: =J28-G28 -> 0 | M28: =IF((G28)=0,"",(L28/G28))
A29: =[3]Rates!$A$202 -> Var_SL | B29: Distribution Volumetric Rate | D29: per kW | E29: =$F$18 -> 1 | F29: =IF($A29<>"",VLOOKUP($A29,[3]Rates!$A$1:$R$65536,12,FALSE),0) -> 6.6546 | G29: =E29*F29 -> 6.6546 | I29: =IF($A29<>"",VLOOKUP($A29,[3]Rates!$A$1:$R$65536,14,FALSE),0) -> 6.7744 | J29: =$E29*I29 -> 6.7744 | L29: =J29-G29 -> 0.1198 | M29: =IF((G29)=0,"",(L29/G29)) -> 0.018002585
B30: Smart Meter Disposition Rider | D30: per kW | E30: =$F$18 -> 1 | F30: =IF($A30<>"",VLOOKUP($A30,[3]Rates!$A$1:$R$65536,12,FALSE),0) -> 0 | G30: =E30*F30 -> 0 | I30: =IF($A30<>"",VLOOKUP($A30,[3]Rates!$A$1:$R$65536,14,FALSE),0) -> 0 | J30: =$E30*I30 -> 0 | L30: =J30-G30 -> 0 | M30: =IF((G30)=0,"",(L30/G30))
A31: FRV_SL | B31: Forgone Revenue Rate Rider - Variable Component (2016) | D31: per kW | E31: =$F$18 -> 1 | F31: =IF($A31<>"",VLOOKUP($A31,[3]Rates!$A$1:$R$65536,12,FALSE),0) -> 0 | G31: =E31*F31 -> 0 | I31: =IF($A31<>"",VLOOKUP($A31,[3]Rates!$A$1:$R$65536,14,FALSE),0) -> 0.2721 | J31: =$E31*I31 -> 0.2721 | L31: =J31-G31 -> 0.2721 | M31: =IF((G31)=0,"",(L31/G31))
A32: =[3]Rates!$A$208 -> ICMV_SL | B32: ICM Rate Rider (2014) | D32: per kW | E32: =$F$18 -> 1 | F32: =IF($A32<>"",VLOOKUP($A32,[3]Rates!$A$1:$R$65536,12,FALSE),0) -> 0.0345 | G32: =E32*F32 -> 0.0345 | I32: =IF($A32<>"",VLOOKUP($A32,[3]Rates!$A$1:$R$65536,14,FALSE),0) -> 0.0345 | J32: =$E32*I32 -> 0.0345 | L32: =J32-G32 -> 0 | M32: =IF((G32)=0,"",(L32/G32)) -> 0
A33: =[3]Rates!$A213 -> 2RAL16_SL | B33: =[3]Rates!$B213 -> Disposition of Deferral/Variance Accounts - Group 2 Accounts (2016) | D33: per kW | E33: =$F$18 -> 1 | F33: =IF($A33<>"",VLOOKUP($A33,[3]Rates!$A$1:$R$65536,12,FALSE),0) -> 0 | G33: =E33*F33 -> 0 | I33: =IF($A33<>"",VLOOKUP($A33,[3]Rates!$A$1:$R$65536,14,FALSE),0) -> 0.0592 | J33: =$E33*I33 -> 0.0592 | L33: =J33-G33 -> 0.0592 | M33: =IF((G33)=0,"",(L33/G33))
A34: =[3]Rates!$A214 -> LRVA16_SL | B34: =[3]Rates!$B214 -> Lost Revenue Adjustment Mechanism Variance Account (LRAMVA) (2016) | D34: per kW | E34: =$F$18 -> 1 | F34: =IF($A34<>"",VLOOKUP($A34,[3]Rates!$A$1:$R$65536,12,FALSE),0) -> 0 | G34: =E34*F34 -> 0 | I34: =IF($A34<>"",VLOOKUP($A34,[3]Rates!$A$1:$R$65536,14,FALSE),0) -> -0.1455 | J34: =$E34*I34 -> -0.1455 | L34: =J34-G34 -> -0.1455 | M34: =IF((G34)=0,"",(L34/G34))
A35: =[3]Rates!$A215 -> PPE16_SL | B35: =[3]Rates!$B215 -> Account 1575 (2016) | D35: per kW | E35: =$F$18 -> 1 | F35: =IF($A35<>"",VLOOKUP($A35,[3]Rates!$A$1:$R$65536,12,FALSE),0) -> 0 | G35: =E35*F35 -> 0 | I35: =IF($A35<>"",VLOOKUP($A35,[3]Rates!$A$1:$R$65536,14,FALSE),0) -> 0 | J35: =$E35*I35 -> 0 | L35: =J35-G35 -> 0 | M35: =IF((G35)=0,"",(L35/G35))
D36: Monthly | E36: =$F$18 -> 1 | F36: =IF($A36<>"",VLOOKUP($A36,[3]Rates!$A$1:$R$65536,12,FALSE),0) -> 0 | G36: =E36*F36 -> 0 | I36: =IF($A36<>"",VLOOKUP($A36,[3]Rates!$A$1:$R$65536,14,FALSE),0) -> 0 | J36: =$E36*I36 -> 0 | L36: =J36-G36 -> 0 | M36: =IF((G36)=0,"",(L36/G36))
A37: SG16_SL | B37: Smart Grid True-up (2016) | D37: Monthly | E37: 1 | F37: =IF($A37<>"",VLOOKUP($A37,[3]Rates!$A$1:$R$65536,12,FALSE),0) -> 0 | G37: =E37*F37 -> 0 | I37: =IF($A37<>"",VLOOKUP($A37,[3]Rates!$A$1:$R$65536,14,FALSE),0) -> 0 | J37: =$E37*I37 -> 0 | L37: =J37-G37 -> 0 | M37: =IF((G37)=0,"",(L37/G37))
F38: =IF($A38<>"",VLOOKUP($A38,[3]Rates!$A$1:$R$65536,12,FALSE),0) -> 0 | G38: =E38*F38 -> 0 | I38: =IF($A38<>"",VLOOKUP($A38,[3]Rates!$A$1:$R$65536,14,FALSE),0) -> 0 | J38: =$E38*I38 -> 0 | L38: =J38-G38 -> 0 | M38: =IF((G38)=0,"",(L38/G38))
B39: Sub-Total A (excluding pass through) | G39: =SUM(G23:G38) -> 7.9791 | J39: =SUM(J23:J38) -> 8.3647 | L39: =J39-G39 -> 0.3856 | M39: =IF((G39)=0,"",(L39/G39)) -> 0.048326252
A40: =[3]Rates!$A$206 -> RAL14_SL | D40: per kW | E40: =$F$18 -> 1 | G40: =E40*F40 -> 0 | I40: =IF($A40<>"",VLOOKUP($A40,[3]Rates!$A$1:$R$65536,14,FALSE),0) -> 0 | J40: =$E40*I40 -> 0 | L40: =J40-G40 -> 0 | M40: =IF((G40)=0,"",(L40/G40))
A41: =[3]Rates!$A210 -> RAL16_SL | B41: =[3]Rates!$B210 -> Disposition of Deferral/Variance Accounts (2016) | D41: per kW | E41: =$F$18 -> 1 | F41: =IF($A41<>"",VLOOKUP($A41,[3]Rates!$A$1:$R$65536,12,FALSE),0) -> 0 | G41: =E41*F41 -> 0 | I41: =IF($A41<>"",VLOOKUP($A41,[3]Rates!$A$1:$R$65536,14,FALSE),0) -> 0.1116 | J41: =$E41*I41 -> 0.1116 | L41: =J41-G41 -> 0.1116 | M41: =IF((G41)=0,"",(L41/G41))
A42: =[3]Rates!$A211 -> RALP16_SL | B42: =[3]Rates!$B211 -> Disposition of Deferral/Variance Accounts - Power (2016) | D42: per kW | E42: =$F$18 -> 1 | F42: =IF($A42<>"",VLOOKUP($A42,[3]Rates!$A$1:$R$65536,12,FALSE),0) -> 0 | G42: =E42*F42 -> 0 | I42: =IF($A42<>"",VLOOKUP($A42,[3]Rates!$A$1:$R$65536,14,FALSE),0) -> -0.1169 | J42: =$E42*I42 -> -0.1169 | L42: =J42-G42 -> -0.1169 | M42: =IF((G42)=0,"",(L42/G42))
A43: =[3]Rates!$A212 -> GA16_SL | B43: =[3]Rates!$B212 -> Disposition of Deferral/Variance Accounts - Power - Global Adjustment (2016) | D43: per kW | E43: =$F$18 -> 1 | F43: =IF($A43<>"",VLOOKUP($A43,[3]Rates!$A$1:$R$65536,12,FALSE),0) -> 0 | G43: =E43*F43 -> 0 | I43: =IF($A43<>"",VLOOKUP($A43,[3]Rates!$A$1:$R$65536,14,FALSE),0) -> 0.4124 | J43: =$E43*I43 -> 0.4124 | L43: =J43-G43 -> 0.4124 | M43: =IF((G43)=0,"",(L43/G43))
A44: =[3]Rates!$A$207 -> GA14_SL | B44: =[3]Rates!$B$207 -> Disposition of Global Adjustment Sub-Account (2014) | D44: per kW | E44: 1 | F44: =IF($A44<>"",VLOOKUP($A44,[3]Rates!$A$1:$R$65536,12,FALSE),0) -> -0.0653 | G44: =E44*F44 -> -0.0653 | I44: =IF($A44<>"",VLOOKUP($A44,[3]Rates!$A$1:$R$65536,14,FALSE),0) -> 0 | J44: =$E44*I44 -> 0 | L44: =J44-G44 -> 0.0653 | M44: =IF((G44)=0,"",(L44/G44)) -> -1
F45: =IF($A45<>"",VLOOKUP($A45,[3]Rates!$A$1:$R$65536,12,FALSE),0) -> 0 | I45: =IF($A45<>"",VLOOKUP($A45,[3]Rates!$A$1:$R$65536,14,FALSE),0) -> 0 | J45: =$E45*I45 -> 0 | L45: =J45-G45 -> 0 | M45: =IF((G45)=0,"",(L45/G45))
F46: =IF($A46<>"",VLOOKUP($A46,[3]Rates!$A$1:$R$65536,12,FALSE),0) -> 0 | I46: =IF($A46<>"",VLOOKUP($A46,[3]Rates!$A$1:$R$65536,14,FALSE),0) -> 0 | J46: =$E46*I46 -> 0 | L46: =J46-G46 -> 0 | M46: =IF((G46)=0,"",(L46/G46))
A47: =[3]Rates!$A$203 -> LV_SL | B47: Low Voltage Service Charge | D47: per kW | E47: =$F$18 -> 1 | F47: =IF($A47<>"",VLOOKUP($A47,[3]Rates!$A$1:$R$65536,12,FALSE),0) -> 0.0917 | G47: =E47*F47 -> 0.0917 | I47: =IF($A47<>"",VLOOKUP($A47,[3]Rates!$A$1:$R$65536,14,FALSE),0) -> 0.0917 | J47: =$E47*I47 -> 0.0917 | L47: =J47-G47 -> 0 | M47: =IF((G47)=0,"",(L47/G47)) -> 0
B48: Line Losses on Cost of Power | E48: =$F$17*(1+$F$77)-$F$17 -> 9.66 | G48: =E48*F48 -> 0 | H48: =$F$17*(1+$O$77)-$F$17 -> 0 | J48: =$H48*I48 -> 0 | L48: =J48-G48 -> 0 | M48: =IF((G48)=0,"",(L48/G48))
G49: =E49*F49 -> 0 | L49: =J49-G49 -> 0
B50: Sub-Total B - Distribution (includes Sub-Total A) | G50: =SUM(G40:G49)+G39 -> 8.0055 | J50: =SUM(J40:J49)+J39 -> 8.8635 | L50: =J50-G50 -> 0.858 | M50: =IF((G50)=0,"",(L50/G50)) -> 0.10717632
A51: =[3]Rates!$A$220 -> TN_SL | B51: RTSR - Network | D51: per kW | E51: =F18 -> 1 | F51: =IF($A51<>"",VLOOKUP($A51,[3]Rates!$A$1:$R$65536,12,FALSE),0) -> 2.2203 | G51: =E51*F51 -> 2.2203 | H51: =E51 -> 1 | I51: =IF($A51<>"",VLOOKUP($A51,[3]Rates!$A$1:$R$65536,14,FALSE),0) -> 2.2203 | J51: =$E51*I51 -> 2.2203 | L51: =J51-G51 -> 0 | M51: =IF((G51)=0,"",(L51/G51)) -> 0
A52: =[3]Rates!$A$221 -> TC_SL | B52: RTSR - Line and Transformation Connection | D52: per kW | E52: =E51 -> 1 | F52: =IF($A52<>"",VLOOKUP($A52,[3]Rates!$A$1:$R$65536,12,FALSE),0) -> 0.9503 | G52: =E52*F52 -> 0.9503 | H52: =E52 -> 1 | I52: =IF($A52<>"",VLOOKUP($A52,[3]Rates!$A$1:$R$65536,14,FALSE),0) -> 0.9503 | J52: =$E52*I52 -> 0.9503 | L52: =J52-G52 -> 0 | M52: =IF((G52)=0,"",(L52/G52)) -> 0
B53: Sub-Total C - Delivery (including Sub-Total B) | G53: =SUM(G50:G52) -> 11.1761 | J53: =SUM(J50:J52) -> 12.0341 | L53: =J53-G53 -> 0.858 | M53: =IF((G53)=0,"",(L53/G53)) -> 0.076770967
B54: Wholesale Market Service Charge (WMSC) | D54: per kWh | E54: =F17+E48 -> 289.66 | F54: 0.0036 | G54: =E54*F54 -> 1.042776 | H54: =F$17*(1+O$77) -> 280 | I54: 0.0036 | J54: =$E54*I54 -> 1.042776 | L54: =J54-G54 -> 0 | M54: =IF((G54)=0,"",(L54/G54)) -> 0
B55: Rural and Remote Rate Protection (RRRP) | D55: per kWh | E55: =E54 -> 289.66 | F55: 0.0013 | G55: =E55*F55 -> 0.376558 | H55: =F$17*(1+O$77) -> 280 | I55: 0.0013 | J55: =$E55*I55 -> 0.376558 | L55: =J55-G55 -> 0 | M55: =IF((G55)=0,"",(L55/G55)) -> 0
B56: Standard Supply Service Charge | D56: Monthly | E56: 1 | F56: 0.25 | G56: =E56*F56 -> 0.25 | I56: 0.25 | J56: =$E56*I56 -> 0.25 | L56: =J56-G56 -> 0 | M56: =IF((G56)=0,"",(L56/G56)) -> 0
B57: Debt Retirement Charge (DRC) | D57: per kWh | E57: =F17 -> 280 | F57: 0.007 | G57: =E57*F57 -> 1.96 | I57: 0.007 | J57: =$E57*I57 -> 1.96 | L57: =J57-G57 -> 0 | M57: =IF((G57)=0,"",(L57/G57)) -> 0
B58: TOU - Off Peak | D58: per kWh | E58: =0.64*$F$17+0.64*E48 -> 185.3824 | F58: =Residential!F55 -> 0.087 | G58: =E58*F58 -> 16.128269 | H58: =0.64*$F$17+0.64*H48 -> 179.2 | I58: =F58 -> 0.087 | J58: =$E58*I58 -> 16.128269 | L58: =J58-G58 -> 0 | M58: =IF((G58)=0,"",(L58/G58)) -> 0
B59: TOU - Mid Peak | D59: per kWh | E59: =0.18*$F$17+0.18*E48 -> 52.1388 | F59: =Residential!F56 -> 0.132 | G59: =E59*F59 -> 6.8823216 | H59: =0.18*$F$17+0.18*H48 -> 50.4 | I59: =F59 -> 0.132 | J59: =$E59*I59 -> 6.8823216 | L59: =J59-G59 -> 0 | M59: =IF((G59)=0,"",(L59/G59)) -> 0
B60: TOU - On Peak | D60: per kWh | E60: =0.18*$F$17+0.18*E48 -> 52.1388 | F60: =Residential!F57 -> 0.18 | G60: =E60*F60 -> 9.384984 | H60: =0.18*$F$17+0.18*H48 -> 50.4 | I60: =F60 -> 0.18 | J60: =$E60*I60 -> 9.384984 | L60: =J60-G60 -> 0 | M60: =IF((G60)=0,"",(L60/G60)) -> 0
B61: OESP Charge | D61: per kWh | E61: =F17 -> 280 | F61: 0.0011 | G61: =E61*F61 -> 0.308 | I61: 0.0011 | J61: =$E61*I61 -> 0.308 | L61: =J61-G61 -> 0 | M61: =IF((G61)=0,"",(L61/G61)) -> 0
G62: =E62*F62 -> 0 | I62: =F62 -> 0 | J62: =$E62*I62 -> 0 | L62: =J62-G62 -> 0 | M62: =IF((G62)=0,"",(L62/G62))
B64: Total Bill on TOU (before Taxes) | G64: =SUM(G54:G61,G53) -> 47.509008 | J64: =SUM(J54:J61,J53) -> 48.367008 | L64: =J64-G64 -> 0.858 | M64: =IF((G64)=0,"",(L64/G64)) -> 0.018059733
B65: HST | F65: 0.13 | G65: =G64*F65 -> 6.1761711 | I65: 0.13 | J65: =J64*I65 -> 6.2877111 | L65: =J65-G65 -> 0.11154 | M65: =IF((G65)=0,"",(L65/G65)) -> 0.018059733
B66: Total Bill (including HST) | G66: =G64+G65 -> 53.685179 | J66: =J64+J65 -> 54.654719 | L66: =J66-G66 -> 0.96954 | M66: =IF((G66)=0,"",(L66/G66)) -> 0.018059733
B67: Ontario Clean Energy Benefit 1 | L67: =J67-G67 -> 0 | M67: =IF((G67)=0,"",(L67/G67))
B68: Total Bill on TOU (including OCEB) | G68: =G66+G67 -> 53.685179 | J68: =J66+J67 -> 54.654719 | L68: =J68-G68 -> 0.96954 | M68: =IF((G68)=0,"",(L68/G68)) -> 0.018059733
B70: Total Bill on RPP (before Taxes) | G70: =SUM(G61:G62,G53,G54:G57) -> 15.113434 | J70: =SUM(J61:J62,J53,J54:J57) -> 15.971434 | L70: =J70-G70 -> 0.858 | M70: =IF((G70)=0,"",(L70/G70)) -> 0.056770685
B71: HST | F71: 0.13 | G71: =G70*F71 -> 1.9647464 | I71: 0.13 | J71: =J70*I71 -> 2.0762864 | L71: =J71-G71 -> 0.11154 | M71: =IF((G71)=0,"",(L71/G71)) -> 0.056770685
B72: Total Bill (including HST) | G72: =G70+G71 -> 17.07818 | J72: =J70+J71 -> 18.04772 | L72: =J72-G72 -> 0.96954 | M72: =IF((G72)=0,"",(L72/G72)) -> 0.056770685
B73: Ontario Clean Energy Benefit 1 | L73: =J73-G73 -> 0 | M73: =IF((G73)=0,"",(L73/G73))
B74: Total Bill on RPP (including OCEB) | G74: =SUM(G72:G73) -> 17.07818 | J74: =SUM(J72:J73) -> 18.04772 | L74: =J74-G74 -> 0.96954 | M74: =IF((G74)=0,"",(L74/G74)) -> 0.056770685
B77: Loss Factor (%) | F77: 0.0345 | I77: 0.0345
A79: 1 Applicable to eligible customers only. Refer to the Ontario Clean Energy Benefit Act, 2010.
A81: Note that the "Charge $" columns provide breakdowns of the amounts that each bill component contributes to the total monthly bill at the referenced
A82: consumption level at existing and proposed rates.
A84: Applicants must provide bill impacts for residential at 800 kWh and GS<50kW at 2000 kWh. In addition, their filing must cover the range that is relevant
A85: to their service territory, class by class. A general guideline of consumption levels follows:
A87: Residential (kWh) - 100, 250, 500, 800, 1000, 1500, 2000
A88: GS<50kW (kWh) - 1000, 2000, 5000, 10000, 15000
A89: GS>50kW (kW) - 60, 100, 500, 1000
A90: Large User - range appropriate for utility
A91: Lighting Classes and USL - 150 kWh and 1 kW, range appropriate for utility.
B93: Note that cells with the highlighted color shown to the left indicate quantities that are loss adjusted.
